Workbook
Name libelle_indic: #REF!
Name liste_OS: #REF!

Sheet Notice
A1: ETATS RECAPITULATIFS DES DEPENSES ET DES RESSOURCES
B3: Version n°8 du 26/03/2026
A4: Cette notice d'utilisation vise à vous aider à renseigner les états récaptitulatifs des dépenses et ressources nécessaires pour la réalisation de vos demandes de paiement dans l'application E-Synergie
A5: Reportez ensuite ces informations et transmettez les pièces justificatives associées dans votre demande de paiement au sein de l'application E-Synergie
A6: Pour en savoir plus sur la demande de paiement : | B6: https://www.europe-bfc.eu/je-suis-beneficiaire/je-depose-ma-demande-de-paiement/demande-de-paiement-feder-fse-2021-2027/
A8: Onglets à compléter : | B8: Consignes
A9: Dépenses | B9: Saisissez les dépenses réalisées ventillées par poste et éventuels sous-postes de dépenses (cellules jaunes uniquement), comme indiqué dans l'annexe financière de la convention Les éventuelles dépenses de personnel, de déplacement et de travaux sont renseignées à partir des onglets "Détail" correspondants N'oubliez pas les autres dépenses (prestations externes de service, équipements, acquisitions immobilières, etc.) si elles sont prévues dans l'annexe financière de la convention. Cette dernière peut également prévoir le financement à taux forfaitaire de certaines dépenses (dépenses indirectes, coûts restants - hors dépenses de personnel) qui doivent également être saisies dans l'onglet "Dépenses" Editez le document et le faire signer par le certificateur et la personne habilitée à engager votre structure (représentant légal ou délégataire, le cas échéant)
A10: Détail des dépenses de personnel (si votre opération est concernée par ce type de dépenses) | B10: Renseignez les informations mensuelles (cellules jaunes uniquement) pour chaque salarié concerné par cette opération, comme indiqué dans l'annexe financière de la convention. Le salaire annuel brut chargé est plafonné à 100 000 € / ETP ; en cas de personnel travaillant à temps non-complet dans la structure, un prorata temporis est automatiquement calculé Copiez ensuite la ligne récapitulative de chaque salarié dans le tableau de l'onglet "Dépenses" par collage spécial de type "Valeurs"
A11: Détail des dépenses de déplacement (si votre opération est concernée par ce type de dépenses) | B11: A compléter uniquement si cette catégorie de dépenses n'est pas couverte par un forfait (cf. appel à projets ou fiche action dans lequel s'inscrit votre projet) Renseignez les informations pour chaque salarié concerné par cette opération comme indiqué dans l'annexe financière de la convention. Copiez ensuite la ligne récapitulative de chaque salarié dans le tableau de l'onglet "Dépenses" par collage spécial de type "Valeurs"
A12: Détail des dépenses d'investissement immatériel (travaux) (si votre opération est concernée par ce type de dépenses) | B12: A compléter uniquement si cette catégorie de dépenses n'est pas couverte par un forfait (cf. appel à projets ou fiche action dans lequel s'inscrit votre projet) Renseignez toutes les factures (cellules jaunes uniquement) des différents lots concernés par l'opération, comme indiqué dans l'annexe financière de la convention (1 tableau par lot de travaux concerné par l'opération). Copiez ensuite la ligne récapitulative (de la cellule A à la cellule K) de chaque salarié dans le tableau de l'onglet "Dépenses" par collage spécial de type "Valeurs"
A13: Détail des contributions en nature (si votre opération est concernée par ce type de dépenses) | B13: Renseignez les informations pour chaque structure contributrice à cette opération, comme indiqué dans l'annexe financière de la convention (1 bloc par structure contributrice). Les contributions doivent être déclarées dans le plan de financement en dépenses ET en ressources (pour un montant équivalent) Reportez ensuite le montant total des contributions dans l'onglet "Ressources"
A14: Ressources | B14: Saisissez une ligne par versement percu de chaque cofinanceur (cellules jaunes uniquement) pour cette opération Montant cofinancement total à renseigner : Montant total indiqué dans la convention du cofinanceur Montant cofinancement éligible UE à renseigner : Montant total indiqué dans la convention FEDER Editez le document et le faire signer par le certificateur et la personne habilitée à engager votre structure (représentant légal ou délégataire, le cas échéant)

Sheet Dépenses
A1: ETAT RECAPITULATIF DES DEPENSES DE L'OPERATION
B3: Informations concernant l'opération et la demande à renseigner
B4: Bénéficiaire
B5: Numéro d'opération
B6: Opération | M6: Choisir HT / TTC
B7: Numéro de la demande de paiement | M7: HT | N7: ATTENTION cette colonne doit figurer dans le document signé mais ne doit pas être retenue pour l'import dans E-Synergie
B8: Type de la demande de paiement | C8: Acompte | M8: TTC | Q8: Réservé au service gestionnaire
B9: Période de déclaration des dépenses | Q9: VGCR : réaliser un copier coller valeur en colonne S
A10: Pour ajouter des lignes, cliquer sur le "+" à gauche, face aux lignes n° 51, 88, 126 etc. | J10: TTC | Q10: Application des règles d'échantillonnage VGBR - Applicable uniquement pour les dossiers y ouvrant droit en fonction de leur note de risque (voir onglet VGBR) | U10: Vérification de Gestion
A11: VGCR : CATEGORIE POSTE DEPENSE | B11: Poste de dépenses/ Sous-poste éventuel (libellé présent dans l'annexe financière de la convention) | C11: Emetteur | D11: Référence (pas de doublon) | E11: Date émission | F11: Date d'acquittement | G11: Dernière date acquittement | H11: Type dépense | I11: Descriptif | J11: Montant pièce comptable | K11: Montant non présenté | L11: Commentaire | M11: Nom du fichier correspondant à la pièce justificative | N11: Montant des dépenses présentées | Q11: Echantillonnage du post de dépense (O/N)* | R11: Fonction Alea | S11: Réaliser un copier coller "valeurs uniquement" de la colonne R | T11: Contrôle Oui/Non Si oui, contrôle exhaustif de tous les postes de la catégorie = " contrôle en exhaustif" ou contrôle sur un échantillonnage de dépenses de la catégorie = "échantillon à contrôler" Si non, pas de contrôle de la dépense = "hors échantillon" + au solde, contrôle obligatoire de la dernière facture du DGD | U11: Vérification de la réalité/lien avec l'opération | V11: Vérification de l'acquittement | W11: Vérification de l'éligibilité temporelle | X11: Montant retenu | Y11: Montant écarté | Z11: Commentaires
N12: =J12-K12 -> 0 | Q12: =IF(COUNTIF(A:F,A12)>=25,"OUI","NON") -> NON | R12: =IF(Q12="oui",RAND(),"<25 lignes donc pas d'échantillonnage") -> <25 lignes donc pas d'échantillonnage | T12: =IF(Q12="oui",IF(SUMIFS(N:N,A:A,A12,S:S,"<="&S12)/SUMIF(A:A,A12,N:N)<0.8,"hors Echantillon","Echantillon à Contrôler"), "Contrôle en exhaustif") -> Contrôle en exhaustif
N13: =J13-K13 -> 0 | Q13: =IF(COUNTIF(A:F,A13)>=25,"OUI","NON") -> NON | R13: =IF(Q13="oui",RAND(),"<25 lignes donc pas d'échantillonnage") -> <25 lignes donc pas d'échantillonnage | T13: =IF(Q13="oui",IF(SUMIFS(N:N,A:A,A13,S:S,"<="&S13)/SUMIF(A:A,A13,N:N)<0.8,"hors Echantillon","Echantillon à Contrôler"), "Contrôle en exhaustif") -> Contrôle en exhaustif
N14: =J14-K14 -> 0 | Q14: =IF(COUNTIF(A:F,A14)>=25,"OUI","NON") -> NON | R14: =IF(Q14="oui",RAND(),"<25 lignes donc pas d'échantillonnage") -> <25 lignes donc pas d'échantillonnage | T14: =IF(Q14="oui",IF(SUMIFS(N:N,A:A,A14,S:S,"<="&S14)/SUMIF(A:A,A14,N:N)<0.8,"hors Echantillon","Echantillon à Contrôler"), "Contrôle en exhaustif") -> Contrôle en exhaustif
N15: =J15-K15 -> 0 | Q15: =IF(COUNTIF(A:F,A15)>=25,"OUI","NON") -> NON | R15: =IF(Q15="oui",RAND(),"<25 lignes donc pas d'échantillonnage") -> <25 lignes donc pas d'échantillonnage | T15: =IF(Q15="oui",IF(SUMIFS(N:N,A:A,A15,S:S,"<="&S15)/SUMIF(A:A,A15,N:N)<0.8,"hors Echantillon","Echantillon à Contrôler"), "Contrôle en exhaustif") -> Contrôle en exhaustif
N16: =J16-K16 -> 0 | Q16: =IF(COUNTIF(A:F,A16)>=25,"OUI","NON") -> NON | R16: =IF(Q16="oui",RAND(),"<25 lignes donc pas d'échantillonnage") -> <25 lignes donc pas d'échantillonnage | T16: =IF(Q16="oui",IF(SUMIFS(N:N,A:A,A16,S:S,"<="&S16)/SUMIF(A:A,A16,N:N)<0.8,"hors Echantillon","Echantillon à Contrôler"), "Contrôle en exhaustif") -> Contrôle en exhaustif
N17: =J17-K17 -> 0 | Q17: =IF(COUNTIF(A:F,A17)>=25,"OUI","NON") -> NON | R17: =IF(Q17="oui",RAND(),"<25 lignes donc pas d'échantillonnage") -> <25 lignes donc pas d'échantillonnage | T17: =IF(Q17="oui",IF(SUMIFS(N:N,A:A,A17,S:S,"<="&S17)/SUMIF(A:A,A17,N:N)<0.8,"hors Echantillon","Echantillon à Contrôler"), "Contrôle en exhaustif") -> Contrôle en exhaustif
N18: =J18-K18 -> 0 | Q18: =IF(COUNTIF(A:F,A18)>=25,"OUI","NON") -> NON | R18: =IF(Q18="oui",RAND(),"<25 lignes donc pas d'échantillonnage") -> <25 lignes donc pas d'échantillonnage | T18: =IF(Q18="oui",IF(SUMIFS(N:N,A:A,A18,S:S,"<="&S18)/SUMIF(A:A,A18,N:N)<0.8,"hors Echantillon","Echantillon à Contrôler"), "Contrôle en exhaustif") -> Contrôle en exhaustif
N19: =J19-K19 -> 0 | Q19: =IF(COUNTIF(A:F,A19)>=25,"OUI","NON") -> NON | R19: =IF(Q19="oui",RAND(),"<25 lignes donc pas d'échantillonnage") -> <25 lignes donc pas d'échantillonnage | T19: =IF(Q19="oui",IF(SUMIFS(N:N,A:A,A19,S:S,"<="&S19)/SUMIF(A:A,A19,N:N)<0.8,"hors Echantillon","Echantillon à Contrôler"), "Contrôle en exhaustif") -> Contrôle en exhaustif
N20: =J20-K20 -> 0 | Q20: =IF(COUNTIF(A:F,A20)>=25,"OUI","NON") -> NON | R20: =IF(Q20="oui",RAND(),"<25 lignes donc pas d'échantillonnage") -> <25 lignes donc pas d'échantillonnage | T20: =IF(Q20="oui",IF(SUMIFS(N:N,A:A,A20,S:S,"<="&S20)/SUMIF(A:A,A20,N:N)<0.8,"hors Echantillon","Echantillon à Contrôler"), "Contrôle en exhaustif") -> Contrôle en exhaustif
N21: =J21-K21 -> 0 | Q21: =IF(COUNTIF(A:F,A21)>=25,"OUI","NON") -> NON | R21: =IF(Q21="oui",RAND(),"<25 lignes donc pas d'échantillonnage") -> <25 lignes donc pas d'échantillonnage | T21: =IF(Q21="oui",IF(SUMIFS(N:N,A:A,A21,S:S,"<="&S21)/SUMIF(A:A,A21,N:N)<0.8,"hors Echantillon","Echantillon à Contrôler"), "Contrôle en exhaustif") -> Contrôle en exhaustif
N22: =J22-K22 -> 0 | Q22: =IF(COUNTIF(A:F,A22)>=25,"OUI","NON") -> NON | R22: =IF(Q22="oui",RAND(),"<25 lignes donc pas d'échantillonnage") -> <25 lignes donc pas d'échantillonnage | T22: =IF(Q22="oui",IF(SUMIFS(N:N,A:A,A22,S:S,"<="&S22)/SUMIF(A:A,A22,N:N)<0.8,"hors Echantillon","Echantillon à Contrôler"), "Contrôle en exhaustif") -> Contrôle en exhaustif
N23: =J23-K23 -> 0 | Q23: =IF(COUNTIF(A:F,A23)>=25,"OUI","NON") -> NON | R23: =IF(Q23="oui",RAND(),"<25 lignes donc pas d'échantillonnage") -> <25 lignes donc pas d'échantillonnage | T23: =IF(Q23="oui",IF(SUMIFS(N:N,A:A,A23,S:S,"<="&S23)/SUMIF(A:A,A23,N:N)<0.8,"hors Echantillon","Echantillon à Contrôler"), "Contrôle en exhaustif") -> Contrôle en exhaustif
... N79: =J79-K79 -> 0 | Q79: =IF(COUNTIF(A:F,A79)>=25,"OUI","NON") -> NON | R79: =IF(Q79="oui",RAND(),"<25 lignes donc pas d'échantillonnage") -> <25 lignes donc pas d'échantillonnage | T79: =IF(Q79="oui",IF(SUMIFS(N:N,A:A,A79,S:S,"<="&S79)/SUMIF(A:A,A79,N:N)<0.8,"hors Echantillon","Echantillon à Contrôler"), "Contrôle en exhaustif") -> Contrôle en exhaustif
N80: =J80-K80 -> 0 | Q80: =IF(COUNTIF(A:F,A80)>=25,"OUI","NON") -> NON | R80: =IF(Q80="oui",RAND(),"<25 lignes donc pas d'échantillonnage") -> <25 lignes donc pas d'échantillonnage | T80: =IF(Q80="oui",IF(SUMIFS(N:N,A:A,A80,S:S,"<="&S80)/SUMIF(A:A,A80,N:N)<0.8,"hors Echantillon","Echantillon à Contrôler"), "Contrôle en exhaustif") -> Contrôle en exhaustif | AA80: 52902.92
N81: =J81-K81 -> 0 | Q81: =IF(COUNTIF(A:F,A81)>=25,"OUI","NON") -> NON | R81: =IF(Q81="oui",RAND(),"<25 lignes donc pas d'échantillonnage") -> <25 lignes donc pas d'échantillonnage | T81: =IF(Q81="oui",IF(SUMIFS(N:N,A:A,A81,S:S,"<="&S81)/SUMIF(A:A,A81,N:N)<0.8,"hors Echantillon","Echantillon à Contrôler"), "Contrôle en exhaustif") -> Contrôle en exhaustif | AA81: 58225.26
N82: =J82-K82 -> 0 | Q82: =IF(COUNTIF(A:F,A82)>=25,"OUI","NON") -> NON | R82: =IF(Q82="oui",RAND(),"<25 lignes donc pas d'échantillonnage") -> <25 lignes donc pas d'échantillonnage | T82: =IF(Q82="oui",IF(SUMIFS(N:N,A:A,A82,S:S,"<="&S82)/SUMIF(A:A,A82,N:N)<0.8,"hors Echantillon","Echantillon à Contrôler"), "Contrôle en exhaustif") -> Contrôle en exhaustif | AA82: 71035.79
N83: =J83-K83 -> 0 | Q83: =IF(COUNTIF(A:F,A83)>=25,"OUI","NON") -> NON | R83: =IF(Q83="oui",RAND(),"<25 lignes donc pas d'échantillonnage") -> <25 lignes donc pas d'échantillonnage | T83: =IF(Q83="oui",IF(SUMIFS(N:N,A:A,A83,S:S,"<="&S83)/SUMIF(A:A,A83,N:N)<0.8,"hors Echantillon","Echantillon à Contrôler"), "Contrôle en exhaustif") -> Contrôle en exhaustif | AA83: 71465.33
Q84: =IF(COUNTIF(A:F,A84)>=25,"OUI","NON") -> NON | R84: =IF(Q84="oui",RAND(),"<25 lignes donc pas d'échantillonnage") -> <25 lignes donc pas d'échantillonnage | T84: =IF(Q84="oui",IF(SUMIFS(N:N,A:A,A84,S:S,"<="&S84)/SUMIF(A:A,A84,N:N)<0.8,"hors Echantillon","Echantillon à Contrôler"), "Contrôle en exhaustif") -> Contrôle en exhaustif
Q85: =IF(COUNTIF(A:F,A85)>=25,"OUI","NON") -> NON | R85: =IF(Q85="oui",RAND(),"<25 lignes donc pas d'échantillonnage") -> <25 lignes donc pas d'échantillonnage | T85: =IF(Q85="oui",IF(SUMIFS(N:N,A:A,A85,S:S,"<="&S85)/SUMIF(A:A,A85,N:N)<0.8,"hors Echantillon","Echantillon à Contrôler"), "Contrôle en exhaustif") -> Contrôle en exhaustif
Q86: =IF(COUNTIF(A:F,A86)>=25,"OUI","NON") -> NON | R86: =IF(Q86="oui",RAND(),"<25 lignes donc pas d'échantillonnage") -> <25 lignes donc pas d'échantillonnage | T86: =IF(Q86="oui",IF(SUMIFS(N:N,A:A,A86,S:S,"<="&S86)/SUMIF(A:A,A86,N:N)<0.8,"hors Echantillon","Echantillon à Contrôler"), "Contrôle en exhaustif") -> Contrôle en exhaustif
Q87: =IF(COUNTIF(A:F,A87)>=25,"OUI","NON") -> NON | R87: =IF(Q87="oui",RAND(),"<25 lignes donc pas d'échantillonnage") -> <25 lignes donc pas d'échantillonnage | T87: =IF(Q87="oui",IF(SUMIFS(N:N,A:A,A87,S:S,"<="&S87)/SUMIF(A:A,A87,N:N)<0.8,"hors Echantillon","Echantillon à Contrôler"), "Contrôle en exhaustif") -> Contrôle en exhaustif
Q88: =IF(COUNTIF(A:F,A88)>=25,"OUI","NON") -> NON | R88: =IF(Q88="oui",RAND(),"<25 lignes donc pas d'échantillonnage") -> <25 lignes donc pas d'échantillonnage | T88: =IF(Q88="oui",IF(SUMIFS(N:N,A:A,A88,S:S,"<="&S88)/SUMIF(A:A,A88,N:N)<0.8,"hors Echantillon","Echantillon à Contrôler"), "Contrôle en exhaustif") -> Contrôle en exhaustif
Q89: =IF(COUNTIF(A:F,A89)>=25,"OUI","NON") -> NON | R89: =IF(Q89="oui",RAND(),"<25 lignes donc pas d'échantillonnage") -> <25 lignes donc pas d'échantillonnage | T89: =IF(Q89="oui",IF(SUMIFS(N:N,A:A,A89,S:S,"<="&S89)/SUMIF(A:A,A89,N:N)<0.8,"hors Echantillon","Echantillon à Contrôler"), "Contrôle en exhaustif") -> Contrôle en exhaustif
Q90: =IF(COUNTIF(A:F,A90)>=25,"OUI","NON") -> NON | R90: =IF(Q90="oui",RAND(),"<25 lignes donc pas d'échantillonnage") -> <25 lignes donc pas d'échantillonnage | T90: =IF(Q90="oui",IF(SUMIFS(N:N,A:A,A90,S:S,"<="&S90)/SUMIF(A:A,A90,N:N)<0.8,"hors Echantillon","Echantillon à Contrôler"), "Contrôle en exhaustif") -> Contrôle en exhaustif
Q91: =IF(COUNTIF(A:F,A91)>=25,"OUI","NON") -> NON | R91: =IF(Q91="oui",RAND(),"<25 lignes donc pas d'échantillonnage") -> <25 lignes donc pas d'échantillonnage | T91: =IF(Q91="oui",IF(SUMIFS(N:N,A:A,A91,S:S,"<="&S91)/SUMIF(A:A,A91,N:N)<0.8,"hors Echantillon","Echantillon à Contrôler"), "Contrôle en exhaustif") -> Contrôle en exhaustif
Q92: =IF(COUNTIF(A:F,A92)>=25,"OUI","NON") -> NON | R92: =IF(Q92="oui",RAND(),"<25 lignes donc pas d'échantillonnage") -> <25 lignes donc pas d'échantillonnage | T92: =IF(Q92="oui",IF(SUMIFS(N:N,A:A,A92,S:S,"<="&S92)/SUMIF(A:A,A92,N:N)<0.8,"hors Echantillon","Echantillon à Contrôler"), "Contrôle en exhaustif") -> Contrôle en exhaustif
Q93: =IF(COUNTIF(A:F,A93)>=25,"OUI","NON") -> NON | R93: =IF(Q93="oui",RAND(),"<25 lignes donc pas d'échantillonnage") -> <25 lignes donc pas d'échantillonnage | T93: =IF(Q93="oui",IF(SUMIFS(N:N,A:A,A93,S:S,"<="&S93)/SUMIF(A:A,A93,N:N)<0.8,"hors Echantillon","Echantillon à Contrôler"), "Contrôle en exhaustif") -> Contrôle en exhaustif
Q94: =IF(COUNTIF(A:F,A94)>=25,"OUI","NON") -> NON | R94: =IF(Q94="oui",RAND(),"<25 lignes donc pas d'échantillonnage") -> <25 lignes donc pas d'échantillonnage | T94: =IF(Q94="oui",IF(SUMIFS(N:N,A:A,A94,S:S,"<="&S94)/SUMIF(A:A,A94,N:N)<0.8,"hors Echantillon","Echantillon à Contrôler"), "Contrôle en exhaustif") -> Contrôle en exhaustif
Q95: =IF(COUNTIF(A:F,A95)>=25,"OUI","NON") -> NON | R95: =IF(Q95="oui",RAND(),"<25 lignes donc pas d'échantillonnage") -> <25 lignes donc pas d'échantillonnage | T95: =IF(Q95="oui",IF(SUMIFS(N:N,A:A,A95,S:S,"<="&S95)/SUMIF(A:A,A95,N:N)<0.8,"hors Echantillon","Echantillon à Contrôler"), "Contrôle en exhaustif") -> Contrôle en exhaustif
... Q215: =IF(COUNTIF(A:F,A215)>=25,"OUI","NON") -> NON | R215: =IF(Q215="oui",RAND(),"<25 lignes donc pas d'échantillonnage") -> <25 lignes donc pas d'échantillonnage | T215: =IF(Q215="oui",IF(SUMIFS(N:N,A:A,A215,S:S,"<="&S215)/SUMIF(A:A,A215,N:N)<0.8,"hors Echantillon","Echantillon à Contrôler"), "Contrôle en exhaustif") -> Contrôle en exhaustif
N216: =J216-K216 -> 0 | Q216: =IF(COUNTIF(A:F,A216)>=25,"OUI","NON") -> NON | R216: =IF(Q216="oui",RAND(),"<25 lignes donc pas d'échantillonnage") -> <25 lignes donc pas d'échantillonnage | T216: =IF(Q216="oui",IF(SUMIFS(N:N,A:A,A216,S:S,"<="&S216)/SUMIF(A:A,A216,N:N)<0.8,"hors Echantillon","Echantillon à Contrôler"), "Contrôle en exhaustif") -> Contrôle en exhaustif | AA216: 71491.67
N217: =J217-K217 -> 0 | Q217: =IF(COUNTIF(A:F,A217)>=25,"OUI","NON") -> NON | R217: =IF(Q217="oui",RAND(),"<25 lignes donc pas d'échantillonnage") -> <25 lignes donc pas d'échantillonnage | T217: =IF(Q217="oui",IF(SUMIFS(N:N,A:A,A217,S:S,"<="&S217)/SUMIF(A:A,A217,N:N)<0.8,"hors Echantillon","Echantillon à Contrôler"), "Contrôle en exhaustif") -> Contrôle en exhaustif | AA217: 113257
N218: =J218-K218 -> 0 | Q218: =IF(COUNTIF(A:F,A218)>=25,"OUI","NON") -> NON | R218: =IF(Q218="oui",RAND(),"<25 lignes donc pas d'échantillonnage") -> <25 lignes donc pas d'échantillonnage | T218: =IF(Q218="oui",IF(SUMIFS(N:N,A:A,A218,S:S,"<="&S218)/SUMIF(A:A,A218,N:N)<0.8,"hors Echantillon","Echantillon à Contrôler"), "Contrôle en exhaustif") -> Contrôle en exhaustif | AA218: 65708.32
N219: =J219-K219 -> 0 | Q219: =IF(COUNTIF(A:F,A219)>=25,"OUI","NON") -> NON | R219: =IF(Q219="oui",RAND(),"<25 lignes donc pas d'échantillonnage") -> <25 lignes donc pas d'échantillonnage | T219: =IF(Q219="oui",IF(SUMIFS(N:N,A:A,A219,S:S,"<="&S219)/SUMIF(A:A,A219,N:N)<0.8,"hors Echantillon","Echantillon à Contrôler"), "Contrôle en exhaustif") -> Contrôle en exhaustif | AA219: 83694.6
N220: =J220-K220 -> 0 | Q220: =IF(COUNTIF(A:F,A220)>=25,"OUI","NON") -> NON | R220: =IF(Q220="oui",RAND(),"<25 lignes donc pas d'échantillonnage") -> <25 lignes donc pas d'échantillonnage | T220: =IF(Q220="oui",IF(SUMIFS(N:N,A:A,A220,S:S,"<="&S220)/SUMIF(A:A,A220,N:N)<0.8,"hors Echantillon","Echantillon à Contrôler"), "Contrôle en exhaustif") -> Contrôle en exhaustif
N221: =J221-K221 -> 0 | Q221: =IF(COUNTIF(A:F,A221)>=25,"OUI","NON") -> NON | R221: =IF(Q221="oui",RAND(),"<25 lignes donc pas d'échantillonnage") -> <25 lignes donc pas d'échantillonnage | T221: =IF(Q221="oui",IF(SUMIFS(N:N,A:A,A221,S:S,"<="&S221)/SUMIF(A:A,A221,N:N)<0.8,"hors Echantillon","Echantillon à Contrôler"), "Contrôle en exhaustif") -> Contrôle en exhaustif
N222: =J222-K222 -> 0 | Q222: =IF(COUNTIF(A:F,A222)>=25,"OUI","NON") -> NON | R222: =IF(Q222="oui",RAND(),"<25 lignes donc pas d'échantillonnage") -> <25 lignes donc pas d'échantillonnage | T222: =IF(Q222="oui",IF(SUMIFS(N:N,A:A,A222,S:S,"<="&S222)/SUMIF(A:A,A222,N:N)<0.8,"hors Echantillon","Echantillon à Contrôler"), "Contrôle en exhaustif") -> Contrôle en exhaustif
N223: =J223-K223 -> 0 | Q223: =IF(COUNTIF(A:F,A223)>=25,"OUI","NON") -> NON | R223: =IF(Q223="oui",RAND(),"<25 lignes donc pas d'échantillonnage") -> <25 lignes donc pas d'échantillonnage | T223: =IF(Q223="oui",IF(SUMIFS(N:N,A:A,A223,S:S,"<="&S223)/SUMIF(A:A,A223,N:N)<0.8,"hors Echantillon","Echantillon à Contrôler"), "Contrôle en exhaustif") -> Contrôle en exhaustif
N224: =J224-K224 -> 0 | Q224: =IF(COUNTIF(A:F,A224)>=25,"OUI","NON") -> NON | R224: =IF(Q224="oui",RAND(),"<25 lignes donc pas d'échantillonnage") -> <25 lignes donc pas d'échantillonnage | T224: =IF(Q224="oui",IF(SUMIFS(N:N,A:A,A224,S:S,"<="&S224)/SUMIF(A:A,A224,N:N)<0.8,"hors Echantillon","Echantillon à Contrôler"), "Contrôle en exhaustif") -> Contrôle en exhaustif
N225: =J225-K225 -> 0 | Q225: =IF(COUNTIF(A:F,A225)>=25,"OUI","NON") -> NON | R225: =IF(Q225="oui",RAND(),"<25 lignes donc pas d'échantillonnage") -> <25 lignes donc pas d'échantillonnage | T225: =IF(Q225="oui",IF(SUMIFS(N:N,A:A,A225,S:S,"<="&S225)/SUMIF(A:A,A225,N:N)<0.8,"hors Echantillon","Echantillon à Contrôler"), "Contrôle en exhaustif") -> Contrôle en exhaustif
N226: =J226-K226 -> 0 | Q226: =IF(COUNTIF(A:F,A226)>=25,"OUI","NON") -> NON | R226: =IF(Q226="oui",RAND(),"<25 lignes donc pas d'échantillonnage") -> <25 lignes donc pas d'échantillonnage | T226: =IF(Q226="oui",IF(SUMIFS(N:N,A:A,A226,S:S,"<="&S226)/SUMIF(A:A,A226,N:N)<0.8,"hors Echantillon","Echantillon à Contrôler"), "Contrôle en exhaustif") -> Contrôle en exhaustif
N227: =J227-K227 -> 0 | Q227: =IF(COUNTIF(A:F,A227)>=25,"OUI","NON") -> NON | R227: =IF(Q227="oui",RAND(),"<25 lignes donc pas d'échantillonnage") -> <25 lignes donc pas d'échantillonnage | T227: =IF(Q227="oui",IF(SUMIFS(N:N,A:A,A227,S:S,"<="&S227)/SUMIF(A:A,A227,N:N)<0.8,"hors Echantillon","Echantillon à Contrôler"), "Contrôle en exhaustif") -> Contrôle en exhaustif
N228: =J228-K228 -> 0 | Q228: =IF(COUNTIF(A:F,A228)>=25,"OUI","NON") -> NON | R228: =IF(Q228="oui",RAND(),"<25 lignes donc pas d'échantillonnage") -> <25 lignes donc pas d'échantillonnage | T228: =IF(Q228="oui",IF(SUMIFS(N:N,A:A,A228,S:S,"<="&S228)/SUMIF(A:A,A228,N:N)<0.8,"hors Echantillon","Echantillon à Contrôler"), "Contrôle en exhaustif") -> Contrôle en exhaustif
N229: =J229-K229 -> 0 | Q229: =IF(COUNTIF(A:F,A229)>=25,"OUI","NON") -> NON | R229: =IF(Q229="oui",RAND(),"<25 lignes donc pas d'échantillonnage") -> <25 lignes donc pas d'échantillonnage | T229: =IF(Q229="oui",IF(SUMIFS(N:N,A:A,A229,S:S,"<="&S229)/SUMIF(A:A,A229,N:N)<0.8,"hors Echantillon","Echantillon à Contrôler"), "Contrôle en exhaustif") -> Contrôle en exhaustif
N230: =J230-K230 -> 0 | Q230: =IF(COUNTIF(A:F,A230)>=25,"OUI","NON") -> NON | R230: =IF(Q230="oui",RAND(),"<25 lignes donc pas d'échantillonnage") -> <25 lignes donc pas d'échantillonnage | T230: =IF(Q230="oui",IF(SUMIFS(N:N,A:A,A230,S:S,"<="&S230)/SUMIF(A:A,A230,N:N)<0.8,"hors Echantillon","Echantillon à Contrôler"), "Contrôle en exhaustif") -> Contrôle en exhaustif
N231: =J231-K231 -> 0 | Q231: =IF(COUNTIF(A:F,A231)>=25,"OUI","NON") -> NON | R231: =IF(Q231="oui",RAND(),"<25 lignes donc pas d'échantillonnage") -> <25 lignes donc pas d'échantillonnage | T231: =IF(Q231="oui",IF(SUMIFS(N:N,A:A,A231,S:S,"<="&S231)/SUMIF(A:A,A231,N:N)<0.8,"hors Echantillon","Echantillon à Contrôler"), "Contrôle en exhaustif") -> Contrôle en exhaustif
N232: =J232-K232 -> 0 | Q232: =IF(COUNTIF(A:F,A232)>=25,"OUI","NON") -> NON | R232: =IF(Q232="oui",RAND(),"<25 lignes donc pas d'échantillonnage") -> <25 lignes donc pas d'échantillonnage | T232: =IF(Q232="oui",IF(SUMIFS(N:N,A:A,A232,S:S,"<="&S232)/SUMIF(A:A,A232,N:N)<0.8,"hors Echantillon","Echantillon à Contrôler"), "Contrôle en exhaustif") -> Contrôle en exhaustif
I233: TOTAL | J233: =SUM(J12:J232) -> 0 | K233: =SUM(K12:K232) -> 0 | N233: =SUM(N12:N232) -> 0 | X233: =SUM(X13:X232) -> 0 | Y233: =SUM(Y13:Y232) -> 0
A234: Vérification de la réalité des dépenses et du lien avec l'opération | I234: Vérification de l'acquittement des dépenses
A235: Signature du bénéficiaire (personne habilitée à engager la structure) | I235: Visa du comptable public ou du commissaire aux comptes, selon le cas
B236: Prénom : | C236: Nom : | I236: Certifié exact et payé | K236: Le
B237: Fonction : | C237: Directeur | K237: Signature du comptable public ou du commissaire aux comptes et cachet :
A238: Certifié exact et conforme à l'objet de l'aide européenne | D238: Le
D239: Signature et cachet
I241: OU
I242: Je m'engage à fournir les relevés bancaires permettant d'identifier le montant décaissé pour chaque dépense ou à défaut les factures acquittées (par les fournisseurs) correspondantes Signature du bénéficiaire :
A243: Je m'engage à produire tous les justificatifs nécessaires pour vérifier la réalité des dépenses et le lien avec l'opération

Sheet Détail - Personnels
A1: DEPENSES DE PERSONNEL
A3: Bénéficiaire | B3: Nom du bénéficiaire
A4: Numéro d'opération | B4: BFC000xxxxx
A5: Opération | B5: Nom de l'opération
A6: N° demande de paiement | B6: 1
A8: Nom du salarié | E8: Prénom du salarié
A9: Fonction | E9: Période de déclaration des dépenses | F9: du | H9: au | S9: =MONTH(G9) -> 1 | T9: =IF(S9=2,G9+27,IF(OR(S9=1,S9=3,S9=5,S9=7,S9=8,S9=10,S9=12),G9+30,G9+29)) -> 30
A10: Quotité de travail (en %) | E10: Temps de travail annuel de la structure (en heures)
B12: Salaire et charges | E12: Temps passé | G12: Calcul de la dépense correspondante | L12: Cadre réservé à la Région - vérifications faites par le service gestionnaire
A13: Mois | B13: Salaire brut mensuel (en €) | C13: Charges patronales (en €) | D13: Base de dépense (salaire brut chargé) | E13: Activité liée à l'opération (en heures) | F13: Activité totale travaillée (en heures) | G13: Montant présenté (en €) | H13: Montant non présenté (en €) | I13: Taux horaire moyen (en €/h) | L13: Réalité / lien avec l'opération | M13: Acquittement | N13: Eligibilité temporelle | O13: Montant retenu (€) | P13: Montant écarté (€) | Q13: Commentaires
A14: Janvier | D14: =B14+C14 -> 0 | F14: =IF(G$10="","",IF(D14=0,"",G$10/12*B$10))
A15: Février | D15: =B15+C15 -> 0 | F15: =IF(G$10="","",IF(D15=0,"",G$10/12*B$10))
A16: Mars | D16: =B16+C16 -> 0 | F16: =IF(G$10="","",IF(D16=0,"",G$10/12*B$10))
A17: Avril | D17: =B17+C17 -> 0 | F17: =IF(G$10="","",IF(D17=0,"",G$10/12*B$10))
A18: Mai | D18: =B18+C18 -> 0 | F18: =IF(G$10="","",IF(D18=0,"",G$10/12*B$10))
A19: Juin | D19: =B19+C19 -> 0 | F19: =IF(G$10="","",IF(D19=0,"",G$10/12*B$10))
A20: Juillet | D20: =B20+C20 -> 0 | F20: =IF(G$10="","",IF(D20=0,"",G$10/12*B$10))
A21: Août | D21: =B21+C21 -> 0 | F21: =IF(G$10="","",IF(D21=0,"",G$10/12*B$10))
A22: Septembre | D22: =B22+C22 -> 0 | F22: =IF(G$10="","",IF(D22=0,"",G$10/12*B$10))
A23: Octobre | D23: =B23+C23 -> 0 | F23: =IF(G$10="","",IF(D23=0,"",G$10/12*B$10))
A24: Novembre | D24: =B24+C24 -> 0 | F24: =IF(G$10="","",IF(D24=0,"",G$10/12*B$10))
A25: Décembre | D25: =B25+C25 -> 0 | F25: =IF(G$10="","",IF(D25=0,"",G$10/12*B$10))
A26: TOTAL | B26: =SUM(B14:B25) -> 0 | C26: =SUM(C14:C25) -> 0 | D26: =SUM(D14:D25) -> 0 | E26: =SUM(E14:E25) -> 0 | F26: =SUM(F14:F25) -> 0 | G26: =IF(I26*E26>D26,D26,I26*E26) -> #VALUE! | H26: =D26-G26 -> #VALUE! | I26: =IF(D26>0,IF(D26>COUNT(B14:B25)/12*100000*B10,COUNT(B14:B25)/12*100000*B10/F26,D26/F26),"") | O26: =SUM(O14:O25) -> 0 | P26: =SUM(P14:P25) -> 0
A28: Ligne récapitulative ci-dessous à re copier dans l'onglet "Dépenses" par collage spécial de type "Valeurs"
A29: Dépenses de personnel | B29: =B$9 -> 0 | C29: =B$3 -> Nom du bénéficiaire | D29: ="DDP"&B$6&"_PERSO_"&B8 -> DDP1_PERSO_ | E29: =I$9 -> 0 | F29: =T9 -> 30 | G29: =I$9 -> 0 | H29: REC | I29: / | J29: =D$26 -> 0 | K29: =H26 -> #VALUE! | T29: =G26 -> #VALUE!
A31: Nom du salarié | E31: Prénom du salarié
A32: Fonction | E32: Période de déclaration des dépenses | F32: du | H32: au | S32: =MONTH(G32) -> 1 | T32: =IF(S32=2,G32+27,IF(OR(S32=1,S32=3,S32=5,S32=7,S32=8,S32=10,S32=12),G32+30,G32+29)) -> 30
A33: Quotité de travail (en %) | E33: Temps de travail annuel de la structure (en heures)
B35: Salaire et charges | E35: Temps passé | G35: Calcul de la dépense correspondante | L35: Cadre réservé à la Région - vérifications faites par le service gestionnaire
A36: Mois | B36: Salaire brut mensuel (en €) | C36: Charges patronales (en €) | D36: Base de dépense (salaire brut chargé) | E36: Activité liée à l'opération (en heures) | F36: Activité totale travaillée (en heures) | G36: Montant présenté (en €) | H36: Montant non présenté (en €) | I36: Taux horaire moyen (en €/h) | L36: Réalité / lien avec l'opération | M36: Acquittement | N36: Eligibilité temporelle | O36: Montant retenu (€) | P36: Montant écarté (€) | Q36: Commentaires
A37: Janvier | D37: =B37+C37 -> 0 | F37: =IF($G$33="","",IF(D37=0,"",$G$33/12*$B$33))
A38: Février | D38: =B38+C38 -> 0 | F38: =IF($G$33="","",IF(D38=0,"",$G$33/12*$B$33))
A39: Mars | D39: =B39+C39 -> 0 | F39: =IF($G$33="","",IF(D39=0,"",$G$33/12*$B$33))
A40: Avril | D40: =B40+C40 -> 0 | F40: =IF($G$33="","",IF(D40=0,"",$G$33/12*$B$33))
A41: Mai | D41: =B41+C41 -> 0 | F41: =IF($G$33="","",IF(D41=0,"",$G$33/12*$B$33))
A42: Juin | D42: =B42+C42 -> 0 | F42: =IF($G$33="","",IF(D42=0,"",$G$33/12*$B$33))
A43: Juillet | D43: =B43+C43 -> 0 | F43: =IF($G$33="","",IF(D43=0,"",$G$33/12*$B$33))
A44: Août | D44: =B44+C44 -> 0 | E44: 0 | F44: =IF($G$33="","",IF(D44=0,"",$G$33/12*$B$33))
A45: Septembre | D45: =B45+C45 -> 0 | E45: 0 | F45: =IF($G$33="","",IF(D45=0,"",$G$33/12*$B$33))
A46: Octobre | D46: =B46+C46 -> 0 | F46: =IF($G$33="","",IF(D46=0,"",$G$33/12*$B$33))
A47: Novembre | D47: =B47+C47 -> 0 | F47: =IF($G$33="","",IF(D47=0,"",$G$33/12*$B$33))
A48: Décembre | D48: =B48+C48 -> 0 | F48: =IF($G$33="","",IF(D48=0,"",$G$33/12*$B$33))
A49: TOTAL | B49: =SUM(B37:B48) -> 0 | C49: =SUM(C37:C48) -> 0 | D49: =SUM(D37:D48) -> 0 | E49: =SUM(E37:E48) -> 0 | F49: =SUM(F37:F48) -> 0 | G49: =IF(I49*E49>D49,D49,I49*E49) -> #VALUE! | H49: =D49-G49 -> #VALUE! | I49: =IF(D49>0,IF(D49>COUNT(B37:B48)/12*100000*B33,COUNT(B37:B48)/12*100000*B33/F49,D49/F49),"") | O49: =SUM(O37:O48) -> 0 | P49: =SUM(P37:P48) -> 0
A51: Ligne récapitulative ci-dessous à re copier dans l'onglet "Dépenses" par collage spécial de type "Valeurs"
A52: Dépenses de personnel | B52: =B32 -> 0 | C52: =B$3 -> Nom du bénéficiaire | D52: ="DDP"&B$6&"_PERSO_"&B31 -> DDP1_PERSO_ | E52: =I$32 -> 0 | F52: =T32 -> 30 | G52: =I$32 -> 0 | H52: REC | I52: / | J52: =D49 -> 0 | K52: =H49 -> #VALUE! | T52: =G49 -> #VALUE!
A54: Nom du salarié | E54: Prénom du salarié
A55: Fonction | E55: Période de déclaration des dépenses | F55: du | H55: au | S55: =MONTH(G55) -> 1 | T55: =IF(S55=2,G55+27,IF(OR(S55=1,S55=3,S55=5,S55=7,S55=8,S55=10,S55=12),G55+30,G55+29)) -> 30
A56: Quotité de travail (en %) | E56: Temps de travail annuel de la structure (en heures)
B58: Salaire et charges | E58: Temps passé | G58: Calcul de la dépense correspondante | L58: Cadre réservé à la Région - vérifications faites par le service gestionnaire
A59: Mois | B59: Salaire brut mensuel (en €) | C59: Charges patronales (en €) | D59: Base de dépense (salaire brut chargé) | E59: Activité liée à l'opération (en heures) | F59: Activité totale travaillée (en heures) | G59: Montant présenté (en €) | H59: Montant non présenté (en €) | I59: Taux horaire moyen (en €/h) | L59: Réalité / lien avec l'opération | M59: Acquittement | N59: Eligibilité temporelle | O59: Montant retenu (€) | P59: Montant écarté (€) | Q59: Commentaires
A60: Janvier | D60: =B60+C60 -> 0 | F60: =IF($G$56="","",IF(D60=0,"",$G$56/12*$B$56))
A61: Février | D61: =B61+C61 -> 0 | F61: =IF($G$56="","",IF(D61=0,"",$G$56/12*$B$56))
A62: Mars | D62: =B62+C62 -> 0 | F62: =IF($G$56="","",IF(D62=0,"",$G$56/12*$B$56))
A63: Avril | D63: =B63+C63 -> 0 | F63: =IF($G$56="","",IF(D63=0,"",$G$56/12*$B$56))
A64: Mai | D64: =B64+C64 -> 0 | F64: =IF($G$56="","",IF(D64=0,"",$G$56/12*$B$56))
A65: Juin | D65: =B65+C65 -> 0 | F65: =IF($G$56="","",IF(D65=0,"",$G$56/12*$B$56))
A66: Juillet | D66: =B66+C66 -> 0 | F66: =IF($G$56="","",IF(D66=0,"",$G$56/12*$B$56))
A67: Août | D67: =B67+C67 -> 0 | F67: =IF($G$56="","",IF(D67=0,"",$G$56/12*$B$56))
A68: Septembre | D68: =B68+C68 -> 0 | F68: =IF($G$56="","",IF(D68=0,"",$G$56/12*$B$56))
A69: Octobre | D69: =B69+C69 -> 0 | F69: =IF($G$56="","",IF(D69=0,"",$G$56/12*$B$56))
A70: Novembre | D70: =B70+C70 -> 0 | F70: =IF($G$56="","",IF(D70=0,"",$G$56/12*$B$56))
A71: Décembre | D71: =B71+C71 -> 0 | F71: =IF($G$56="","",IF(D71=0,"",$G$56/12*$B$56))
A72: TOTAL | B72: =SUM(B60:B71) -> 0 | C72: =SUM(C60:C71) -> 0 | D72: =SUM(D60:D71) -> 0 | E72: =SUM(E60:E71) -> 0 | F72: =SUM(F60:F71) -> 0 | G72: =IF(I72*E72>D72,D72,I72*E72) -> #VALUE! | H72: =D72-G72 -> #VALUE! | I72: =IF(D72>0,IF(D72>COUNT(B60:B71)/12*100000*B56,COUNT(B60:B71)/12*100000*B56/F72,D72/F72),"") | O72: =SUM(O60:O71) -> 0 | P72: =SUM(P60:P71) -> 0
A74: Ligne récapitulative ci-dessous à re copier dans l'onglet "Dépenses" par collage spécial de type "Valeurs"
A75: Dépenses de personnel | B75: =B55 -> 0 | C75: =B$3 -> Nom du bénéficiaire | D75: ="DDP"&B$6&"_PERSO_"&B54 -> DDP1_PERSO_ | E75: =I$55 -> 0 | F75: =T55 -> 30 | G75: =I$55 -> 0 | H75: REC | I75: / | J75: =D72 -> 0 | K75: =H72 -> #VALUE! | T75: =G72 -> #VALUE!
A77: Nom du salarié | E77: Prénom du salarié
A78: Fonction | E78: Période de déclaration des dépenses | F78: du | H78: au | S78: =MONTH(G78) -> 1 | T78: =IF(S78=2,G78+27,IF(OR(S78=1,S78=3,S78=5,S78=7,S78=8,S78=10,S78=12),G78+30,G78+29)) -> 30
A79: Quotité de travail (en %) | E79: Temps de travail annuel de la structure (en heures)
B81: Salaire et charges | E81: Temps passé | G81: Calcul de la dépense correspondante | L81: Cadre réservé à la Région - vérifications faites par le service gestionnaire
A82: Mois | B82: Salaire brut mensuel (en €) | C82: Charges patronales (en €) | D82: Base de dépense (salaire brut chargé) | E82: Activité liée à l'opération (en heures) | F82: Activité totale travaillée (en heures) | G82: Montant présenté (en €) | H82: Montant non présenté (en €) | I82: Taux horaire moyen (en €/h) | L82: Réalité / lien avec l'opération | M82: Acquittement | N82: Eligibilité temporelle | O82: Montant retenu (€) | P82: Montant écarté (€) | Q82: Commentaires
A83: Janvier | D83: =B83+C83 -> 0 | F83: =IF($G$79="","",IF(D83=0,"",$G$79/12*$B$79))
A84: Février | D84: =B84+C84 -> 0 | F84: =IF($G$79="","",IF(D84=0,"",$G$79/12*$B$79))
A85: Mars | D85: =B85+C85 -> 0 | F85: =IF($G$79="","",IF(D85=0,"",$G$79/12*$B$79))
A86: Avril | D86: =B86+C86 -> 0 | F86: =IF($G$79="","",IF(D86=0,"",$G$79/12*$B$79))
A87: Mai | D87: =B87+C87 -> 0 | F87: =IF($G$79="","",IF(D87=0,"",$G$79/12*$B$79))
A88: Juin | D88: =B88+C88 -> 0 | F88: =IF($G$79="","",IF(D88=0,"",$G$79/12*$B$79))
A89: Juillet | D89: =B89+C89 -> 0 | F89: =IF($G$79="","",IF(D89=0,"",$G$79/12*$B$79))
A90: Août | D90: =B90+C90 -> 0 | F90: =IF($G$79="","",IF(D90=0,"",$G$79/12*$B$79))
A91: Septembre | D91: =B91+C91 -> 0 | F91: =IF($G$79="","",IF(D91=0,"",$G$79/12*$B$79))
A92: Octobre | D92: =B92+C92 -> 0 | F92: =IF($G$79="","",IF(D92=0,"",$G$79/12*$B$79))
A93: Novembre | D93: =B93+C93 -> 0 | F93: =IF($G$79="","",IF(D93=0,"",$G$79/12*$B$79))
A94: Décembre | D94: =B94+C94 -> 0 | F94: =IF($G$79="","",IF(D94=0,"",$G$79/12*$B$79))
A95: TOTAL | B95: =SUM(B83:B94) -> 0 | C95: =SUM(C83:C94) -> 0 | D95: =SUM(D83:D94) -> 0 | E95: =SUM(E83:E94) -> 0 | F95: =SUM(F83:F94) -> 0 | G95: =IF(I95*E95>D95,D95,I95*E95) -> #VALUE! | H95: =D95-G95 -> #VALUE! | I95: =IF(D95>0,IF(D95>COUNT(B83:B94)/12*100000*B79,COUNT(B83:B94)/12*100000*B79/F95,D95/F95),"") | O95: =SUM(O83:O94) -> 0 | P95: =SUM(P83:P94) -> 0
A97: Ligne récapitulative ci-dessous à re copier dans l'onglet "Dépenses" par collage spécial de type "Valeurs"
A98: Dépenses de personnel | B98: =B78 -> 0 | C98: =B$3 -> Nom du bénéficiaire | D98: ="DDP"&B$6&"_PERSO_"&B77 -> DDP1_PERSO_ | E98: =I$78 -> 0 | F98: =T78 -> 30 | G98: =I$78 -> 0 | H98: REC | I98: / | J98: =D95 -> 0 | K98: =H95 -> #VALUE! | T98: =G95 -> #VALUE!
A100: Nom du salarié | E100: Prénom du salarié
A101: Fonction | E101: Période de déclaration des dépenses | F101: du | H101: au | S101: =MONTH(G101) -> 1 | T101: =IF(S101=2,G101+27,IF(OR(S101=1,S101=3,S101=5,S101=7,S101=8,S101=10,S101=12),G101+30,G101+29)) -> 30
A102: Quotité de travail (en %) | E102: Temps de travail annuel de la structure (en heures)
B104: Salaire et charges | E104: Temps passé | G104: Calcul de la dépense correspondante | L104: Cadre réservé à la Région - vérifications faites par le service gestionnaire
A105: Mois | B105: Salaire brut mensuel (en €) | C105: Charges patronales (en €) | D105: Base de dépense (salaire brut chargé) | E105: Activité liée à l'opération (en heures) | F105: Activité totale travaillée (en heures) | G105: Montant présenté (en €) | H105: Montant non présenté (en €) | I105: Taux horaire moyen (en €/h) | L105: Réalité / lien avec l'opération | M105: Acquittement | N105: Eligibilité temporelle | O105: Montant retenu (€) | P105: Montant écarté (€) | Q105: Commentaires
A106: Janvier | D106: =B106+C106 -> 0 | F106: =IF($G$102="","",IF(D106=0,"",$G$102/12*$B$102))
A107: Février | D107: =B107+C107 -> 0 | F107: =IF($G$102="","",IF(D107=0,"",$G$102/12*$B$102))
A108: Mars | D108: =B108+C108 -> 0 | F108: =IF($G$102="","",IF(D108=0,"",$G$102/12*$B$102))
A109: Avril | D109: =B109+C109 -> 0 | F109: =IF($G$102="","",IF(D109=0,"",$G$102/12*$B$102))
A110: Mai | D110: =B110+C110 -> 0 | F110: =IF($G$102="","",IF(D110=0,"",$G$102/12*$B$102))
A111: Juin | D111: =B111+C111 -> 0 | F111: =IF($G$102="","",IF(D111=0,"",$G$102/12*$B$102))
A112: Juillet | D112: =B112+C112 -> 0 | F112: =IF($G$102="","",IF(D112=0,"",$G$102/12*$B$102))
A113: Août | D113: =B113+C113 -> 0 | F113: =IF($G$102="","",IF(D113=0,"",$G$102/12*$B$102))
A114: Septembre | D114: =B114+C114 -> 0 | F114: =IF($G$102="","",IF(D114=0,"",$G$102/12*$B$102))
A115: Octobre | D115: =B115+C115 -> 0 | F115: =IF($G$102="","",IF(D115=0,"",$G$102/12*$B$102))
...

Sheet Détail - Déplacements
A1: DÉPENSES DE DÉPLACEMENT, DE RESTAURATION, D'HÉBERGEMENT
A3: Bénéficiaire | B3: 0
A4: Numéro d'opération | B4: 0
A5: Opération | B5: 0
A6: N° demande de paiement | B6: 0
A8: Nom du salarié | E8: Prénom du salarié
A9: Fonction | E9: Période de déclaration des dépenses | F9: du | H9: au
A11: Identification du déplacement | D11: Détail des frais | H11: Dépense présentée | M11: Cadre réservé à la Région - vérifications faites par le service instructeur
A12: Date du déplacement | B12: Lieu du déplacement | C12: Motif du déplacement | D12: Montant frais de repas et hébergement | E12: Montant frais kilométriques | F12: Montant frais de transport | G12: Commentaires : expliquez le calcul et indiquez les n° des justificatifs | H12: Total des frais remboursés | I12: Mode de remboursement | J12: date de décaissement | M12: Réalité / lien avec l'opération | N12: Acquittement | O12: Eligibilité temporelle | P12: Montant retenu (€) | Q12: Montant écarté (€) | R12: Commentaires
H13: =D13+E13+F13 -> 0
H14: =D14+E14+F14 -> 0
H15: =D15+E15+F15 -> 0
H16: =D16+E16+F16 -> 0
H17: =D17+E17+F17 -> 0
H18: =D18+E18+F18 -> 0
H19: =D19+E19+F19 -> 0
H20: =D20+E20+F20 -> 0
H21: =D21+E21+F21 -> 0
H22: =D22+E22+F22 -> 0
H23: =D23+E23+F23 -> 0
H24: =D24+E24+F24 -> 0
D25: TOTAL présenté | H25: =SUM(H13:H24) -> 0 | P25: =IF(SUM(P13:P24)=0,"",SUM(P13:P24)) | Q25: =IF(SUM(Q13:Q24)=0,"",SUM(Q13:Q24))
A27: Ligne récapitulative ci-dessous à re copier dans l'onglet "Dépenses" par collage spécial de type "Valeurs"
A28: Dépenses de déplacement, de restauration, d'hébergement | C28: =B$3 -> 0 | D28: ="DDP"&B$6&"_DEPL_"&B8 -> DDP0_DEPL_ | F28: =MIN(J13:J24) -> 0 | G28: =MAX(J13:J24) -> 0 | H28: REC | J28: =H25 -> 0 | K28: 0
A30: Nom du salarié | E30: Prénom du salarié
A31: Fonction | E31: Période de déclaration des dépenses | F31: du | H31: au
A33: Identification du déplacement | D33: Détail des frais | H33: Dépense présentée | M33: Cadre réservé à la Région - vérifications faites par le service instructeur
A34: Date du déplacement | B34: Lieu du déplacement | C34: Motif du déplacement | D34: Montant frais de repas et hébergement | E34: Montant frais kilométriques | F34: Montant frais de transport | G34: Commentaires : expliquez le calcul et indiquez les n° des justificatifs | H34: Total de frais remboursés | I34: Mode de remboursement | J34: date de décaissement | M34: Réalité / lien avec l'opération | N34: Acquittement | O34: Eligibilité temporelle | P34: Montant retenu (€) | Q34: Montant écarté (€) | R34: Commentaires
H35: =D35+E35+F35 -> 0
H36: =D36+E36+F36 -> 0
H37: =D37+E37+F37 -> 0
H38: =D38+E38+F38 -> 0
H39: =D39+E39+F39 -> 0
H40: =D40+E40+F40 -> 0
H41: =D41+E41+F41 -> 0
H42: =D42+E42+F42 -> 0
H43: =D43+E43+F43 -> 0
H44: =D44+E44+F44 -> 0
H45: =D45+E45+F45 -> 0
H46: =D46+E46+F46 -> 0
D47: TOTAL présenté | H47: =SUM(H35:H46) -> 0 | P47: =IF(SUM(P35:P46)=0,"",SUM(P35:P46)) | Q47: =IF(SUM(Q35:Q46)=0,"",SUM(Q35:Q46))
A49: Ligne récapitulative ci-dessous à re copier dans l'onglet "Dépenses" par collage spécial de type "Valeurs"
A50: Dépenses de déplacement, de restauration, d'hébergement | C50: =B$3 -> 0 | D50: ="DDP"&B$6&"_DEPL_"&B30 -> DDP0_DEPL_ | F50: =MIN(J35:J46) -> 0 | G50: =MAX(J35:J46) -> 0 | H50: REC | J50: =H47 -> 0 | K50: 0
A52: Nom du salarié | E52: Prénom du salarié
A53: Fonction | E53: Période de déclaration des dépenses | F53: du | H53: au
A55: Identification du déplacement | D55: Détail des frais | H55: Dépense présentée | M55: Cadre réservé à la Région - vérifications faites par le service instructeur
A56: Date du déplacement | B56: Lieu du déplacement | C56: Motif du déplacement | D56: Montant frais de repas et hébergement | E56: Montant frais kilométriques | F56: Montant frais de transport | G56: Commentaires : expliquez le calcul et indiquez les n° des justificatifs | H56: Total de frais remboursés | I56: Mode de remboursement | J56: date de décaissement | M56: Réalité / lien avec l'opération | N56: Acquittement | O56: Eligibilité temporelle | P56: Montant retenu (€) | Q56: Montant écarté (€) | R56: Commentaires
H57: =D57+E57+F57 -> 0
H58: =D58+E58+F58 -> 0
H59: =D59+E59+F59 -> 0
H60: =D60+E60+F60 -> 0
H61: =D61+E61+F61 -> 0
H62: =D62+E62+F62 -> 0
H63: =D63+E63+F63 -> 0
H64: =D64+E64+F64 -> 0
H65: =D65+E65+F65 -> 0
H66: =D66+E66+F66 -> 0
H67: =D67+E67+F67 -> 0
H68: =D68+E68+F68 -> 0
D69: TOTAL présenté | H69: =SUM(H57:H68) -> 0 | P69: =IF(SUM(P57:P68)=0,"",SUM(P57:P68)) | Q69: =IF(SUM(Q57:Q68)=0,"",SUM(Q57:Q68))
A71: Ligne récapitulative ci-dessous à re copier dans l'onglet "Dépenses" par collage spécial de type "Valeurs"
A72: Dépenses de déplacement, de restauration, d'hébergement | C72: =B$3 -> 0 | D72: ="DDP"&B$6&"_DEPL_"&B52 -> DDP0_DEPL_ | F72: =MIN(J57:J68) -> 0 | G72: =MAX(J57:J68) -> 0 | H72: REC | J72: =H69 -> 0 | K72: 0
A75: Nom du salarié | E75: Prénom du salarié
A76: Fonction | E76: Période de déclaration des dépenses | F76: du | H76: au
A78: Identification du déplacement | D78: Détail des frais | H78: Dépense présentée | M78: Cadre réservé à la Région - vérifications faites par le service instructeur
A79: Date du déplacement | B79: Lieu du déplacement | C79: Motif du déplacement | D79: Montant frais de repas et hébergement | E79: Montant frais kilométriques | F79: Montant frais de transport | G79: Commentaires : expliquez le calcul et indiquez les n° des justificatifs | H79: Total de frais remboursés | I79: Mode de remboursement | J79: date de décaissement | M79: Réalité / lien avec l'opération | N79: Acquittement | O79: Eligibilité temporelle | P79: Montant retenu (€) | Q79: Montant écarté (€) | R79: Commentaires
H80: =D80+E80+F80 -> 0
H81: =D81+E81+F81 -> 0
H82: =D82+E82+F82 -> 0
H83: =D83+E83+F83 -> 0
H84: =D84+E84+F84 -> 0
H85: =D85+E85+F85 -> 0
H86: =D86+E86+F86 -> 0
H87: =D87+E87+F87 -> 0
H88: =D88+E88+F88 -> 0
H89: =D89+E89+F89 -> 0
H90: =D90+E90+F90 -> 0
H91: =D91+E91+F91 -> 0
D92: TOTAL présenté | H92: =SUM(H80:H91) -> 0 | P92: =IF(SUM(P80:P91)=0,"",SUM(P80:P91)) | Q92: =IF(SUM(Q80:Q91)=0,"",SUM(Q80:Q91))
A94: Ligne récapitulative ci-dessous à re copier dans l'onglet "Dépenses" par collage spécial de type "Valeurs"
A95: Dépenses de déplacement, de restauration, d'hébergement | C95: =B$3 -> 0 | D95: ="DDP"&B$6&"_DEPL_"&B75 -> DDP0_DEPL_ | F95: =MIN(J80:J91) -> 0 | G95: =MAX(J80:J91) -> 0 | H95: REC | J95: =H92 -> 0 | K95: 0
A97: Nom du salarié | E97: Prénom du salarié
A98: Fonction | E98: Période de déclaration des dépenses | F98: du | H98: au
A100: Identification du déplacement | D100: Détail des frais | H100: Dépense présentée | M100: Cadre réservé à la Région - vérifications faites par le service instructeur
A101: Date du déplacement | B101: Lieu du déplacement | C101: Motif du déplacement | D101: Montant frais de repas et hébergement | E101: Montant frais kilométriques | F101: Montant frais de transport | G101: Commentaires : expliquez le calcul et indiquez les n° des justificatifs | H101: Total de frais remboursés | I101: Mode de remboursement | J101: date de décaissement | M101: Réalité / lien avec l'opération | N101: Acquittement | O101: Eligibilité temporelle | P101: Montant retenu (€) | Q101: Montant écarté (€) | R101: Commentaires
H102: =D102+E102+F102 -> 0
H103: =D103+E103+F103 -> 0
H104: =D104+E104+F104 -> 0
H105: =D105+E105+F105 -> 0
H106: =D106+E106+F106 -> 0
H107: =D107+E107+F107 -> 0
H108: =D108+E108+F108 -> 0
H109: =D109+E109+F109 -> 0
H110: =D110+E110+F110 -> 0
H111: =D111+E111+F111 -> 0
H112: =D112+E112+F112 -> 0
H113: =D113+E113+F113 -> 0
D114: TOTAL présenté | H114: =SUM(H102:H113) -> 0 | P114: =IF(SUM(P102:P113)=0,"",SUM(P102:P113)) | Q114: =IF(SUM(Q102:Q113)=0,"",SUM(Q102:Q113))
A116: Ligne récapitulative ci-dessous à re copier dans l'onglet "Dépenses" par collage spécial de type "Valeurs"
A117: Dépenses de déplacement, de restauration, d'hébergement | C117: =B$3 -> 0 | D117: ="DDP"&B$6&"_DEPL_"&B97 -> DDP0_DEPL_ | F117: =MIN(J102:J113) -> 0 | G117: =MAX(J102:J113) -> 0 | H117: REC | J117: =H114 -> 0 | K117: 0
...

Sheet Détail - Travaux
A1: DÉPENSES D'INVESTISSEMENT IMMATERIEL (TRAVAUX)
A3: Bénéficiaire | B3: =Dépenses!C4 -> 0
A4: Numéro d'opération | B4: =Dépenses!C5 -> 0
A5: Opération | B5: =Dépenses!C6 -> 0
A6: N° demande de paiement | B6: =Dépenses!C7 -> 0
A8: Période de déclaration des dépenses | B8: du | D8: au
A10: Lot n°1 - Intitulé à renseigner | P10: Cadre réservé à la Région - vérifications faites par le service instructeur
A11: Attributaire | B11: Raison sociale de l'attributaire à renseigner
A12: Type de garantie | B12: Retenue de garantie | P12: Application des règles d'échantillonnage VGBR - Applicable uniquement pour les dossiers y ouvrant droit en fonction de leur note de risque (voir onglet VGBR)
A13: Catégorie de dépenses | B13: Poste de dépenses/ Sous-poste éventuel (libellé présent dans l'annexe financière de la convention) | C13: Emetteur | D13: Référence | E13: Date d'émission | F13: Date d'acquittement | G13: Référence acquittement | H13: Date de versement de la retenue de garantie, le cas échéant | I13: Descriptif | J13: Montant pièce comptable HT ou TTC | K13: Dont montant de la retenue de garantie, le cas échéant | L13: Montant non présenté | M13: Commentaires | N13: Montant présenté | P13: Echantillonnage du post de dépense (O/N)* | Q13: Fonction Alea | R13: Réaliser un copier coller "valeurs uniquement" de la colonne Q | S13: Contrôle Oui/Non Si oui, contrôle exhaustif de tous les postes de la catégorie = " contrôle en exhaustif" ou contrôle sur un échantillonnage de dépenses de la catégorie = "échantillon à contrôler" Si non, pas de contrôle de la dépense = "hors échantillon" + au solde, contrôle obligatoire de la dernière facture du DGD | T13: Réalité / lien avec l'opération | U13: Acquittement | V13: Remboursement RG effectif, le cas échéant | W13: Eligibilité temporelle | X13: Montant retenu (€) | Y13: Montant écarté (€) | Z13: Commentaires
N14: =J14-L14 -> 0 | P14: =IF(COUNTIF(A:F,A14)>=25,"OUI","NON") -> OUI | Q14: =IF(P14="oui",RAND(),"<25 lignes donc pas d'échantillonnage") -> 0.52393071 | S14: =IF(P14="oui",IF(SUMIFS(N:N,A:A,A14,R:R,"<="&R14)/SUMIF(A:A,A14,N:N)<0.8,"hors Echantillon","Echantillon à Contrôler"), "Contrôle en exhaustif") -> #DIV/0!
N15: =J15-L15 -> 0 | P15: =IF(COUNTIF(A:F,A15)>=25,"OUI","NON") -> OUI | Q15: =IF(P15="oui",RAND(),"<25 lignes donc pas d'échantillonnage") -> 0.68621288 | S15: =IF(P15="oui",IF(SUMIFS(N:N,A:A,A15,R:R,"<="&R15)/SUMIF(A:A,A15,N:N)<0.8,"hors Echantillon","Echantillon à Contrôler"), "Contrôle en exhaustif") -> #DIV/0!
N16: =J16-L16 -> 0 | P16: =IF(COUNTIF(A:F,A16)>=25,"OUI","NON") -> OUI | Q16: =IF(P16="oui",RAND(),"<25 lignes donc pas d'échantillonnage") -> 0.53542381 | S16: =IF(P16="oui",IF(SUMIFS(N:N,A:A,A16,R:R,"<="&R16)/SUMIF(A:A,A16,N:N)<0.8,"hors Echantillon","Echantillon à Contrôler"), "Contrôle en exhaustif") -> #DIV/0!
N17: =J17-L17 -> 0 | P17: =IF(COUNTIF(A:F,A17)>=25,"OUI","NON") -> OUI | Q17: =IF(P17="oui",RAND(),"<25 lignes donc pas d'échantillonnage") -> 0.41071878 | S17: =IF(P17="oui",IF(SUMIFS(N:N,A:A,A17,R:R,"<="&R17)/SUMIF(A:A,A17,N:N)<0.8,"hors Echantillon","Echantillon à Contrôler"), "Contrôle en exhaustif") -> #DIV/0!
N18: =J18-L18 -> 0 | P18: =IF(COUNTIF(A:F,A18)>=25,"OUI","NON") -> OUI | Q18: =IF(P18="oui",RAND(),"<25 lignes donc pas d'échantillonnage") -> 0.66967595 | S18: =IF(P18="oui",IF(SUMIFS(N:N,A:A,A18,R:R,"<="&R18)/SUMIF(A:A,A18,N:N)<0.8,"hors Echantillon","Echantillon à Contrôler"), "Contrôle en exhaustif") -> #DIV/0!
N19: =J19-L19 -> 0 | P19: =IF(COUNTIF(A:F,A19)>=25,"OUI","NON") -> OUI | Q19: =IF(P19="oui",RAND(),"<25 lignes donc pas d'échantillonnage") -> 0.76302835 | S19: =IF(P19="oui",IF(SUMIFS(N:N,A:A,A19,R:R,"<="&R19)/SUMIF(A:A,A19,N:N)<0.8,"hors Echantillon","Echantillon à Contrôler"), "Contrôle en exhaustif") -> #DIV/0!
N20: =J20-L20 -> 0 | P20: =IF(COUNTIF(A:F,A20)>=25,"OUI","NON") -> OUI | Q20: =IF(P20="oui",RAND(),"<25 lignes donc pas d'échantillonnage") -> 0.15035567 | S20: =IF(P20="oui",IF(SUMIFS(N:N,A:A,A20,R:R,"<="&R20)/SUMIF(A:A,A20,N:N)<0.8,"hors Echantillon","Echantillon à Contrôler"), "Contrôle en exhaustif") -> #DIV/0!
N21: =J21-L21 -> 0 | P21: =IF(COUNTIF(A:F,A21)>=25,"OUI","NON") -> OUI | Q21: =IF(P21="oui",RAND(),"<25 lignes donc pas d'échantillonnage") -> 0.4431035 | S21: =IF(P21="oui",IF(SUMIFS(N:N,A:A,A21,R:R,"<="&R21)/SUMIF(A:A,A21,N:N)<0.8,"hors Echantillon","Echantillon à Contrôler"), "Contrôle en exhaustif") -> #DIV/0!
N22: =J22-L22 -> 0 | P22: =IF(COUNTIF(A:F,A22)>=25,"OUI","NON") -> OUI | Q22: =IF(P22="oui",RAND(),"<25 lignes donc pas d'échantillonnage") -> 0.48948481 | S22: =IF(P22="oui",IF(SUMIFS(N:N,A:A,A22,R:R,"<="&R22)/SUMIF(A:A,A22,N:N)<0.8,"hors Echantillon","Echantillon à Contrôler"), "Contrôle en exhaustif") -> #DIV/0!
N23: =J23-L23 -> 0 | P23: =IF(COUNTIF(A:F,A23)>=25,"OUI","NON") -> OUI | Q23: =IF(P23="oui",RAND(),"<25 lignes donc pas d'échantillonnage") -> 0.10213636 | S23: =IF(P23="oui",IF(SUMIFS(N:N,A:A,A23,R:R,"<="&R23)/SUMIF(A:A,A23,N:N)<0.8,"hors Echantillon","Echantillon à Contrôler"), "Contrôle en exhaustif") -> #DIV/0!
N24: =J24-L24 -> 0 | P24: =IF(COUNTIF(A:F,A24)>=25,"OUI","NON") -> OUI | Q24: =IF(P24="oui",RAND(),"<25 lignes donc pas d'échantillonnage") -> 0.30182329 | S24: =IF(P24="oui",IF(SUMIFS(N:N,A:A,A24,R:R,"<="&R24)/SUMIF(A:A,A24,N:N)<0.8,"hors Echantillon","Echantillon à Contrôler"), "Contrôle en exhaustif") -> #DIV/0!
N25: =J25-L25 -> 0 | P25: =IF(COUNTIF(A:F,A25)>=25,"OUI","NON") -> OUI | Q25: =IF(P25="oui",RAND(),"<25 lignes donc pas d'échantillonnage") -> 0.99933029 | S25: =IF(P25="oui",IF(SUMIFS(N:N,A:A,A25,R:R,"<="&R25)/SUMIF(A:A,A25,N:N)<0.8,"hors Echantillon","Echantillon à Contrôler"), "Contrôle en exhaustif") -> #DIV/0!
J26: =SUM(J14:J25) -> 0 | L26: =SUM(L14:L25) -> 0 | N26: =SUM(N14:N25) -> 0 | X26: =IF(SUM(X14:X25)=0,"",SUM(X14:X25)) | Y26: =IF(SUM(Y14:Y25)=0,"",SUM(Y14:Y25))
A28: Ligne récapitulative ci-dessous à re copier (de la cellule A à la cellule K) dans l'onglet "Dépenses" par collage spécial de type "Valeurs"
A29: =A14 -> 0 | B29: =A10 -> Lot n°1 - Intitulé à renseigner | C29: =B11 -> Raison sociale de l'attributaire à renseigner | D29: / | E29: / | F29: =MIN($F14:$F25) -> 0 | G29: =MAX(F14:F25,H14:H25) -> 0 | H29: REC | I29: / | J29: =J26 -> 0 | K29: =L26 -> 0 | AH29: =N26 -> 0
A31: Période de déclaration des dépenses | B31: du | C31: =IF(C8="","",C8) | D31: au | E31: =IF(E8="","",E8)
A33: Lot n°2 - Intitulé à renseigner | P33: Cadre réservé à la Région - vérifications faites par le service instructeur
A34: Attributaire | B34: Raison sociale de l'attributaire à renseigner
A35: Type de garantie | B35: Retenue de garantie | P35: Application des règles d'échantillonnage VGBR - Applicable uniquement pour les dossiers y ouvrant droit en fonction de leur note de risque (voir onglet VGBR)
A36: Catégorie de dépenses | B36: Poste de dépenses/ Sous-poste éventuel (libellé présent dans l'annexe financière de la convention) | C36: Emetteur | D36: Référence | E36: Date d'émission | F36: Date d'acquittement | G36: Référence acquittement | H36: Date de versement de la retenue de garantie, le cas échéant | I36: Descriptif | J36: Montant pièce comptable HT ou TTC | K36: Dont montant de la retenue de garantie, le cas échéant | L36: Montant non présenté | M36: Commentaires | N36: Montant présenté | P36: Echantillonnage du post de dépense (O/N)* | Q36: Fonction Alea | R36: Réaliser un copier coller "valeurs uniquement" de la colonne Q | S36: Contrôle Oui/Non Si oui, contrôle exhaustif de tous les postes de la catégorie = " contrôle en exhaustif" ou contrôle sur un échantillonnage de dépenses de la catégorie = "échantillon à contrôler" Si non, pas de contrôle de la dépense = "hors échantillon" +contrôle obligatoire des factures de solde/ ou en cas d’acompte, de la dernière facture en date avec le cumul | T36: Réalité / lien avec l'opération | U36: Acquittement | V36: Remboursement RG effectif, le cas échéant | W36: Eligibilité temporelle | X36: Montant retenu (€) | Y36: Montant écarté (€) | Z36: Commentaires
N37: =J37-L37 -> 0 | P37: =IF(COUNTIF(A:F,A37)>=25,"OUI","NON") -> OUI | Q37: =IF(P37="oui",RAND(),"<25 lignes donc pas d'échantillonnage") -> 0.024818842 | S37: =IF(P37="oui",IF(SUMIFS(N:N,A:A,A37,R:R,"<="&R37)/SUMIF(A:A,A37,N:N)<0.8,"hors Echantillon","Echantillon à Contrôler"), "Contrôle en exhaustif") -> #DIV/0!
N38: =J38-L38 -> 0 | P38: =IF(COUNTIF(A:F,A38)>=25,"OUI","NON") -> OUI | Q38: =IF(P38="oui",RAND(),"<25 lignes donc pas d'échantillonnage") -> 0.56647228 | S38: =IF(P38="oui",IF(SUMIFS(N:N,A:A,A38,R:R,"<="&R38)/SUMIF(A:A,A38,N:N)<0.8,"hors Echantillon","Echantillon à Contrôler"), "Contrôle en exhaustif") -> #DIV/0!
N39: =J39-L39 -> 0 | P39: =IF(COUNTIF(A:F,A39)>=25,"OUI","NON") -> OUI | Q39: =IF(P39="oui",RAND(),"<25 lignes donc pas d'échantillonnage") -> 0.030301232 | S39: =IF(P39="oui",IF(SUMIFS(N:N,A:A,A39,R:R,"<="&R39)/SUMIF(A:A,A39,N:N)<0.8,"hors Echantillon","Echantillon à Contrôler"), "Contrôle en exhaustif") -> #DIV/0!
N40: =J40-L40 -> 0 | P40: =IF(COUNTIF(A:F,A40)>=25,"OUI","NON") -> OUI | Q40: =IF(P40="oui",RAND(),"<25 lignes donc pas d'échantillonnage") -> 0.055968506 | S40: =IF(P40="oui",IF(SUMIFS(N:N,A:A,A40,R:R,"<="&R40)/SUMIF(A:A,A40,N:N)<0.8,"hors Echantillon","Echantillon à Contrôler"), "Contrôle en exhaustif") -> #DIV/0!
N41: =J41-L41 -> 0 | P41: =IF(COUNTIF(A:F,A41)>=25,"OUI","NON") -> OUI | Q41: =IF(P41="oui",RAND(),"<25 lignes donc pas d'échantillonnage") -> 0.59689554 | S41: =IF(P41="oui",IF(SUMIFS(N:N,A:A,A41,R:R,"<="&R41)/SUMIF(A:A,A41,N:N)<0.8,"hors Echantillon","Echantillon à Contrôler"), "Contrôle en exhaustif") -> #DIV/0!
N42: =J42-L42 -> 0 | P42: =IF(COUNTIF(A:F,A42)>=25,"OUI","NON") -> OUI | Q42: =IF(P42="oui",RAND(),"<25 lignes donc pas d'échantillonnage") -> 0.51000715 | S42: =IF(P42="oui",IF(SUMIFS(N:N,A:A,A42,R:R,"<="&R42)/SUMIF(A:A,A42,N:N)<0.8,"hors Echantillon","Echantillon à Contrôler"), "Contrôle en exhaustif") -> #DIV/0!
N43: =J43-L43 -> 0 | P43: =IF(COUNTIF(A:F,A43)>=25,"OUI","NON") -> OUI | Q43: =IF(P43="oui",RAND(),"<25 lignes donc pas d'échantillonnage") -> 0.93379928 | S43: =IF(P43="oui",IF(SUMIFS(N:N,A:A,A43,R:R,"<="&R43)/SUMIF(A:A,A43,N:N)<0.8,"hors Echantillon","Echantillon à Contrôler"), "Contrôle en exhaustif") -> #DIV/0!
N44: =J44-L44 -> 0 | P44: =IF(COUNTIF(A:F,A44)>=25,"OUI","NON") -> OUI | Q44: =IF(P44="oui",RAND(),"<25 lignes donc pas d'échantillonnage") -> 0.62587515 | S44: =IF(P44="oui",IF(SUMIFS(N:N,A:A,A44,R:R,"<="&R44)/SUMIF(A:A,A44,N:N)<0.8,"hors Echantillon","Echantillon à Contrôler"), "Contrôle en exhaustif") -> #DIV/0!
N45: =J45-L45 -> 0 | P45: =IF(COUNTIF(A:F,A45)>=25,"OUI","NON") -> OUI | Q45: =IF(P45="oui",RAND(),"<25 lignes donc pas d'échantillonnage") -> 0.3714369 | S45: =IF(P45="oui",IF(SUMIFS(N:N,A:A,A45,R:R,"<="&R45)/SUMIF(A:A,A45,N:N)<0.8,"hors Echantillon","Echantillon à Contrôler"), "Contrôle en exhaustif") -> #DIV/0!
N46: =J46-L46 -> 0 | P46: =IF(COUNTIF(A:F,A46)>=25,"OUI","NON") -> OUI | Q46: =IF(P46="oui",RAND(),"<25 lignes donc pas d'échantillonnage") -> 0.83896326 | S46: =IF(P46="oui",IF(SUMIFS(N:N,A:A,A46,R:R,"<="&R46)/SUMIF(A:A,A46,N:N)<0.8,"hors Echantillon","Echantillon à Contrôler"), "Contrôle en exhaustif") -> #DIV/0!
N47: =J47-L47 -> 0 | P47: =IF(COUNTIF(A:F,A47)>=25,"OUI","NON") -> OUI | Q47: =IF(P47="oui",RAND(),"<25 lignes donc pas d'échantillonnage") -> 0.55545096 | S47: =IF(P47="oui",IF(SUMIFS(N:N,A:A,A47,R:R,"<="&R47)/SUMIF(A:A,A47,N:N)<0.8,"hors Echantillon","Echantillon à Contrôler"), "Contrôle en exhaustif") -> #DIV/0!
N48: =J48-L48 -> 0 | P48: =IF(COUNTIF(A:F,A48)>=25,"OUI","NON") -> OUI | Q48: =IF(P48="oui",RAND(),"<25 lignes donc pas d'échantillonnage") -> 0.86849899 | S48: =IF(P48="oui",IF(SUMIFS(N:N,A:A,A48,R:R,"<="&R48)/SUMIF(A:A,A48,N:N)<0.8,"hors Echantillon","Echantillon à Contrôler"), "Contrôle en exhaustif") -> #DIV/0!
J49: =SUM(J37:J48) -> 0 | L49: =SUM(L37:L48) -> 0 | N49: =SUM(N37:N48) -> 0 | X49: =IF(SUM(X37:X48)=0,"",SUM(X37:X48)) | Y49: =IF(SUM(Y37:Y48)=0,"",SUM(Y37:Y48))
A51: Ligne récapitulative ci-dessous à re copier (de la cellule A à la cellule K) dans l'onglet "Dépenses" par collage spécial de type "Valeurs"
A52: =A37 -> 0 | B52: =A33 -> Lot n°2 - Intitulé à renseigner | C52: =B34 -> Raison sociale de l'attributaire à renseigner | D52: / | E52: / | F52: =MIN($F37:$F48) -> 0 | G52: =MAX(F37:F48,H37:H48) -> 0 | H52: REC | I52: / | J52: =J49 -> 0 | K52: =L49 -> 0 | AH52: =N49 -> 0
A54: Période de déclaration des dépenses | B54: du | C54: =IF(C31="","",C31) | D54: au | E54: =IF(E31="","",E31)
A56: Lot n°3 - Intitulé à renseigner | P56: Cadre réservé à la Région - vérifications faites par le service instructeur
A57: Attributaire | B57: Raison sociale de l'attributaire à renseigner
A58: Type de garantie | B58: Retenue de garantie | P58: Application des règles d'échantillonnage VGBR - Applicable uniquement pour les dossiers y ouvrant droit en fonction de leur note de risque (voir onglet VGBR)
A59: Catégorie de dépenses | B59: Poste de dépenses/ Sous-poste éventuel (libellé présent dans l'annexe financière de la convention) | C59: Emetteur | D59: Référence | E59: Date d'émission | F59: Date d'acquittement | G59: Référence acquittement | H59: Date de versement de la retenue de garantie, le cas échéant | I59: Descriptif | J59: Montant pièce comptable HT ou TTC | K59: Dont montant de la retenue de garantie, le cas échéant | L59: Montant non présenté | M59: Commentaires | N59: Montant présenté | P59: Echantillonnage du post de dépense (O/N)* | Q59: Fonction Alea | R59: Réaliser un copier coller "valeurs uniquement" de la colonne Q | S59: Contrôle Oui/Non Si oui, contrôle exhaustif de tous les postes de la catégorie = " contrôle en exhaustif" ou contrôle sur un échantillonnage de dépenses de la catégorie = "échantillon à contrôler" Si non, pas de contrôle de la dépense = "hors échantillon" +contrôle obligatoire des factures de solde/ ou en cas d’acompte, de la dernière facture en date avec le cumul | T59: Réalité / lien avec l'opération | U59: Acquittement | V59: Remboursement RG effectif, le cas échéant | W59: Eligibilité temporelle | X59: Montant retenu (€) | Y59: Montant écarté (€) | Z59: Commentaires
N60: =J60-L60 -> 0 | P60: =IF(COUNTIF(A:F,A60)>=25,"OUI","NON") -> OUI | Q60: =IF(P60="oui",RAND(),"<25 lignes donc pas d'échantillonnage") -> 0.29926204 | S60: =IF(P60="oui",IF(SUMIFS(N:N,A:A,A60,R:R,"<="&R60)/SUMIF(A:A,A60,N:N)<0.8,"hors Echantillon","Echantillon à Contrôler"), "Contrôle en exhaustif") -> #DIV/0!
N61: =J61-L61 -> 0 | P61: =IF(COUNTIF(A:F,A61)>=25,"OUI","NON") -> OUI | Q61: =IF(P61="oui",RAND(),"<25 lignes donc pas d'échantillonnage") -> 0.56268191 | S61: =IF(P61="oui",IF(SUMIFS(N:N,A:A,A61,R:R,"<="&R61)/SUMIF(A:A,A61,N:N)<0.8,"hors Echantillon","Echantillon à Contrôler"), "Contrôle en exhaustif") -> #DIV/0!
N62: =J62-L62 -> 0 | P62: =IF(COUNTIF(A:F,A62)>=25,"OUI","NON") -> OUI | Q62: =IF(P62="oui",RAND(),"<25 lignes donc pas d'échantillonnage") -> 0.8403314 | S62: =IF(P62="oui",IF(SUMIFS(N:N,A:A,A62,R:R,"<="&R62)/SUMIF(A:A,A62,N:N)<0.8,"hors Echantillon","Echantillon à Contrôler"), "Contrôle en exhaustif") -> #DIV/0!
N63: =J63-L63 -> 0 | P63: =IF(COUNTIF(A:F,A63)>=25,"OUI","NON") -> OUI | Q63: =IF(P63="oui",RAND(),"<25 lignes donc pas d'échantillonnage") -> 0.093129462 | S63: =IF(P63="oui",IF(SUMIFS(N:N,A:A,A63,R:R,"<="&R63)/SUMIF(A:A,A63,N:N)<0.8,"hors Echantillon","Echantillon à Contrôler"), "Contrôle en exhaustif") -> #DIV/0!
N64: =J64-L64 -> 0 | P64: =IF(COUNTIF(A:F,A64)>=25,"OUI","NON") -> OUI | Q64: =IF(P64="oui",RAND(),"<25 lignes donc pas d'échantillonnage") -> 0.35929067 | S64: =IF(P64="oui",IF(SUMIFS(N:N,A:A,A64,R:R,"<="&R64)/SUMIF(A:A,A64,N:N)<0.8,"hors Echantillon","Echantillon à Contrôler"), "Contrôle en exhaustif") -> #DIV/0!
N65: =J65-L65 -> 0 | P65: =IF(COUNTIF(A:F,A65)>=25,"OUI","NON") -> OUI | Q65: =IF(P65="oui",RAND(),"<25 lignes donc pas d'échantillonnage") -> 0.64285944 | S65: =IF(P65="oui",IF(SUMIFS(N:N,A:A,A65,R:R,"<="&R65)/SUMIF(A:A,A65,N:N)<0.8,"hors Echantillon","Echantillon à Contrôler"), "Contrôle en exhaustif") -> #DIV/0!
N66: =J66-L66 -> 0 | P66: =IF(COUNTIF(A:F,A66)>=25,"OUI","NON") -> OUI | Q66: =IF(P66="oui",RAND(),"<25 lignes donc pas d'échantillonnage") -> 0.65115252 | S66: =IF(P66="oui",IF(SUMIFS(N:N,A:A,A66,R:R,"<="&R66)/SUMIF(A:A,A66,N:N)<0.8,"hors Echantillon","Echantillon à Contrôler"), "Contrôle en exhaustif") -> #DIV/0!
N67: =J67-L67 -> 0 | P67: =IF(COUNTIF(A:F,A67)>=25,"OUI","NON") -> OUI | Q67: =IF(P67="oui",RAND(),"<25 lignes donc pas d'échantillonnage") -> 0.72832582 | S67: =IF(P67="oui",IF(SUMIFS(N:N,A:A,A67,R:R,"<="&R67)/SUMIF(A:A,A67,N:N)<0.8,"hors Echantillon","Echantillon à Contrôler"), "Contrôle en exhaustif") -> #DIV/0!
N68: =J68-L68 -> 0 | P68: =IF(COUNTIF(A:F,A68)>=25,"OUI","NON") -> OUI | Q68: =IF(P68="oui",RAND(),"<25 lignes donc pas d'échantillonnage") -> 0.68410395 | S68: =IF(P68="oui",IF(SUMIFS(N:N,A:A,A68,R:R,"<="&R68)/SUMIF(A:A,A68,N:N)<0.8,"hors Echantillon","Echantillon à Contrôler"), "Contrôle en exhaustif") -> #DIV/0!
N69: =J69-L69 -> 0 | P69: =IF(COUNTIF(A:F,A69)>=25,"OUI","NON") -> OUI | Q69: =IF(P69="oui",RAND(),"<25 lignes donc pas d'échantillonnage") -> 0.1703332 | S69: =IF(P69="oui",IF(SUMIFS(N:N,A:A,A69,R:R,"<="&R69)/SUMIF(A:A,A69,N:N)<0.8,"hors Echantillon","Echantillon à Contrôler"), "Contrôle en exhaustif") -> #DIV/0!
N70: =J70-L70 -> 0 | P70: =IF(COUNTIF(A:F,A70)>=25,"OUI","NON") -> OUI | Q70: =IF(P70="oui",RAND(),"<25 lignes donc pas d'échantillonnage") -> 0.44642067 | S70: =IF(P70="oui",IF(SUMIFS(N:N,A:A,A70,R:R,"<="&R70)/SUMIF(A:A,A70,N:N)<0.8,"hors Echantillon","Echantillon à Contrôler"), "Contrôle en exhaustif") -> #DIV/0!
N71: =J71-L71 -> 0 | P71: =IF(COUNTIF(A:F,A71)>=25,"OUI","NON") -> OUI | Q71: =IF(P71="oui",RAND(),"<25 lignes donc pas d'échantillonnage") -> 0.96282914 | S71: =IF(P71="oui",IF(SUMIFS(N:N,A:A,A71,R:R,"<="&R71)/SUMIF(A:A,A71,N:N)<0.8,"hors Echantillon","Echantillon à Contrôler"), "Contrôle en exhaustif") -> #DIV/0!
J72: =SUM(J60:J71) -> 0 | L72: =SUM(L60:L71) -> 0 | N72: =SUM(N60:N71) -> 0 | X72: =IF(SUM(X60:X71)=0,"",SUM(X60:X71)) | Y72: =IF(SUM(Y60:Y71)=0,"",SUM(Y60:Y71))
A74: Ligne récapitulative ci-dessous à re copier (de la cellule A à la cellule K) dans l'onglet "Dépenses" par collage spécial de type "Valeurs"
A75: =A60 -> 0 | B75: =A56 -> Lot n°3 - Intitulé à renseigner | C75: =B57 -> Raison sociale de l'attributaire à renseigner | D75: / | E75: / | F75: =MIN($F60:$F71) -> 0 | G75: =MAX(F60:F71,H60:H71) -> 0 | H75: REC | I75: / | J75: =J72 -> 0 | K75: =L72 -> 0 | AH75: =N72 -> 0
A77: Période de déclaration des dépenses | B77: du | C77: =IF(C54="","",C54) | D77: au | E77: =IF(E54="","",E54)
A79: Lot n°4 - Intitulé à renseigner | P79: Cadre réservé à la Région - vérifications faites par le service instructeur
A80: Attributaire | B80: Raison sociale de l'attributaire à renseigner
A81: Type de garantie | B81: Retenue de garantie | P81: Application des règles d'échantillonnage VGBR - Applicable uniquement pour les dossiers y ouvrant droit en fonction de leur note de risque (voir onglet VGBR)
A82: Catégorie de dépenses | B82: Poste de dépenses/ Sous-poste éventuel (libellé présent dans l'annexe financière de la convention) | C82: Emetteur | D82: Référence | E82: Date d'émission | F82: Date d'acquittement | G82: Référence acquittement | H82: Date de versement de la retenue de garantie, le cas échéant | I82: Descriptif | J82: Montant pièce comptable HT ou TTC | K82: Dont montant de la retenue de garantie, le cas échéant | L82: Montant non présenté | M82: Commentaires | N82: Montant présenté | P82: Echantillonnage du post de dépense (O/N)* | Q82: Fonction Alea | R82: Réaliser un copier coller "valeurs uniquement" de la colonne Q | S82: Contrôle Oui/Non Si oui, contrôle exhaustif de tous les postes de la catégorie = " contrôle en exhaustif" ou contrôle sur un échantillonnage de dépenses de la catégorie = "échantillon à contrôler" Si non, pas de contrôle de la dépense = "hors échantillon" +contrôle obligatoire des factures de solde/ ou en cas d’acompte, de la dernière facture en date avec le cumul | T82: Réalité / lien avec l'opération | U82: Acquittement | V82: Remboursement RG effectif, le cas échéant | W82: Eligibilité temporelle | X82: Montant retenu (€) | Y82: Montant écarté (€) | Z82: Commentaires
N83: =J83-L83 -> 0 | P83: =IF(COUNTIF(A:F,A83)>=25,"OUI","NON") -> OUI | Q83: =IF(P83="oui",RAND(),"<25 lignes donc pas d'échantillonnage") -> 0.21575829 | S83: =IF(P83="oui",IF(SUMIFS(N:N,A:A,A83,R:R,"<="&R83)/SUMIF(A:A,A83,N:N)<0.8,"hors Echantillon","Echantillon à Contrôler"), "Contrôle en exhaustif") -> #DIV/0!
N84: =J84-L84 -> 0 | P84: =IF(COUNTIF(A:F,A84)>=25,"OUI","NON") -> OUI | Q84: =IF(P84="oui",RAND(),"<25 lignes donc pas d'échantillonnage") -> 0.37811527 | S84: =IF(P84="oui",IF(SUMIFS(N:N,A:A,A84,R:R,"<="&R84)/SUMIF(A:A,A84,N:N)<0.8,"hors Echantillon","Echantillon à Contrôler"), "Contrôle en exhaustif") -> #DIV/0!
N85: =J85-L85 -> 0 | P85: =IF(COUNTIF(A:F,A85)>=25,"OUI","NON") -> OUI | Q85: =IF(P85="oui",RAND(),"<25 lignes donc pas d'échantillonnage") -> 0.75715947 | S85: =IF(P85="oui",IF(SUMIFS(N:N,A:A,A85,R:R,"<="&R85)/SUMIF(A:A,A85,N:N)<0.8,"hors Echantillon","Echantillon à Contrôler"), "Contrôle en exhaustif") -> #DIV/0!
N86: =J86-L86 -> 0 | P86: =IF(COUNTIF(A:F,A86)>=25,"OUI","NON") -> OUI | Q86: =IF(P86="oui",RAND(),"<25 lignes donc pas d'échantillonnage") -> 0.54661224 | S86: =IF(P86="oui",IF(SUMIFS(N:N,A:A,A86,R:R,"<="&R86)/SUMIF(A:A,A86,N:N)<0.8,"hors Echantillon","Echantillon à Contrôler"), "Contrôle en exhaustif") -> #DIV/0!
N87: =J87-L87 -> 0 | P87: =IF(COUNTIF(A:F,A87)>=25,"OUI","NON") -> OUI | Q87: =IF(P87="oui",RAND(),"<25 lignes donc pas d'échantillonnage") -> 0.59145411 | S87: =IF(P87="oui",IF(SUMIFS(N:N,A:A,A87,R:R,"<="&R87)/SUMIF(A:A,A87,N:N)<0.8,"hors Echantillon","Echantillon à Contrôler"), "Contrôle en exhaustif") -> #DIV/0!
N88: =J88-L88 -> 0 | P88: =IF(COUNTIF(A:F,A88)>=25,"OUI","NON") -> OUI | Q88: =IF(P88="oui",RAND(),"<25 lignes donc pas d'échantillonnage") -> 0.94741182 | S88: =IF(P88="oui",IF(SUMIFS(N:N,A:A,A88,R:R,"<="&R88)/SUMIF(A:A,A88,N:N)<0.8,"hors Echantillon","Echantillon à Contrôler"), "Contrôle en exhaustif") -> #DIV/0!
N89: =J89-L89 -> 0 | P89: =IF(COUNTIF(A:F,A89)>=25,"OUI","NON") -> OUI | Q89: =IF(P89="oui",RAND(),"<25 lignes donc pas d'échantillonnage") -> 0.32689866 | S89: =IF(P89="oui",IF(SUMIFS(N:N,A:A,A89,R:R,"<="&R89)/SUMIF(A:A,A89,N:N)<0.8,"hors Echantillon","Echantillon à Contrôler"), "Contrôle en exhaustif") -> #DIV/0!
N90: =J90-L90 -> 0 | P90: =IF(COUNTIF(A:F,A90)>=25,"OUI","NON") -> OUI | Q90: =IF(P90="oui",RAND(),"<25 lignes donc pas d'échantillonnage") -> 0.51040519 | S90: =IF(P90="oui",IF(SUMIFS(N:N,A:A,A90,R:R,"<="&R90)/SUMIF(A:A,A90,N:N)<0.8,"hors Echantillon","Echantillon à Contrôler"), "Contrôle en exhaustif") -> #DIV/0!
N91: =J91-L91 -> 0 | P91: =IF(COUNTIF(A:F,A91)>=25,"OUI","NON") -> OUI | Q91: =IF(P91="oui",RAND(),"<25 lignes donc pas d'échantillonnage") -> 0.23653992 | S91: =IF(P91="oui",IF(SUMIFS(N:N,A:A,A91,R:R,"<="&R91)/SUMIF(A:A,A91,N:N)<0.8,"hors Echantillon","Echantillon à Contrôler"), "Contrôle en exhaustif") -> #DIV/0!
N92: =J92-L92 -> 0 | P92: =IF(COUNTIF(A:F,A92)>=25,"OUI","NON") -> OUI | Q92: =IF(P92="oui",RAND(),"<25 lignes donc pas d'échantillonnage") -> 0.60025936 | S92: =IF(P92="oui",IF(SUMIFS(N:N,A:A,A92,R:R,"<="&R92)/SUMIF(A:A,A92,N:N)<0.8,"hors Echantillon","Echantillon à Contrôler"), "Contrôle en exhaustif") -> #DIV/0!
N93: =J93-L93 -> 0 | P93: =IF(COUNTIF(A:F,A93)>=25,"OUI","NON") -> OUI | Q93: =IF(P93="oui",RAND(),"<25 lignes donc pas d'échantillonnage") -> 0.33794323 | S93: =IF(P93="oui",IF(SUMIFS(N:N,A:A,A93,R:R,"<="&R93)/SUMIF(A:A,A93,N:N)<0.8,"hors Echantillon","Echantillon à Contrôler"), "Contrôle en exhaustif") -> #DIV/0!
N94: =J94-L94 -> 0 | P94: =IF(COUNTIF(A:F,A94)>=25,"OUI","NON") -> OUI | Q94: =IF(P94="oui",RAND(),"<25 lignes donc pas d'échantillonnage") -> 0.80558921 | S94: =IF(P94="oui",IF(SUMIFS(N:N,A:A,A94,R:R,"<="&R94)/SUMIF(A:A,A94,N:N)<0.8,"hors Echantillon","Echantillon à Contrôler"), "Contrôle en exhaustif") -> #DIV/0!
J95: =SUM(J83:J94) -> 0 | L95: =SUM(L83:L94) -> 0 | N95: =SUM(N83:N94) -> 0 | X95: =IF(SUM(X83:X94)=0,"",SUM(X83:X94)) | Y95: =IF(SUM(Y83:Y94)=0,"",SUM(Y83:Y94))
A97: Ligne récapitulative ci-dessous à re copier (de la cellule A à la cellule K) dans l'onglet "Dépenses" par collage spécial de type "Valeurs"
A98: =A83 -> 0 | B98: =A79 -> Lot n°4 - Intitulé à renseigner | C98: =B80 -> Raison sociale de l'attributaire à renseigner | D98: / | E98: / | F98: =MIN($F83:$F94) -> 0 | G98: =MAX(F83:F94,H83:H94) -> 0 | H98: REC | I98: / | J98: =J95 -> 0 | K98: =L95 -> 0 | AH98: =N95 -> 0
A100: Période de déclaration des dépenses | B100: du | C100: =IF(C77="","",C77) | D100: au | E100: =IF(E77="","",E77)
A102: Lot n°5 - Intitulé à renseigner | P102: Cadre réservé à la Région - vérifications faites par le service instructeur
A103: Attributaire | B103: Raison sociale de l'attributaire à renseigner
A104: Type de garantie | B104: Retenue de garantie | P104: Application des règles d'échantillonnage VGBR - Applicable uniquement pour les dossiers y ouvrant droit en fonction de leur note de risque (voir onglet VGBR)
A105: Catégorie de dépenses | B105: Poste de dépenses/ Sous-poste éventuel (libellé présent dans l'annexe financière de la convention) | C105: Emetteur | D105: Référence | E105: Date d'émission | F105: Date d'acquittement | G105: Référence acquittement | H105: Date de versement de la retenue de garantie, le cas échéant | I105: Descriptif | J105: Montant pièce comptable HT ou TTC | K105: Dont montant de la retenue de garantie, le cas échéant | L105: Montant non présenté | M105: Commentaires | N105: Montant présenté | P105: Echantillonnage du post de dépense (O/N)* | Q105: Fonction Alea | R105: Réaliser un copier coller "valeurs uniquement" de la colonne Q | S105: Contrôle Oui/Non Si oui, contrôle exhaustif de tous les postes de la catégorie = " contrôle en exhaustif" ou contrôle sur un échantillonnage de dépenses de la catégorie = "échantillon à contrôler" Si non, pas de contrôle de la dépense = "hors échantillon" +contrôle obligatoire des factures de solde/ ou en cas d’acompte, de la dernière facture en date avec le cumul | T105: Réalité / lien avec l'opération | U105: Acquittement | V105: Remboursement RG effectif, le cas échéant | W105: Eligibilité temporelle | X105: Montant retenu (€) | Y105: Montant écarté (€) | Z105: Commentaires
N106: =J106-L106 -> 0 | P106: =IF(COUNTIF(A:F,A106)>=25,"OUI","NON") -> OUI | Q106: =IF(P106="oui",RAND(),"<25 lignes donc pas d'échantillonnage") -> 0.35291671 | S106: =IF(P106="oui",IF(SUMIFS(N:N,A:A,A106,R:R,"<="&R106)/SUMIF(A:A,A106,N:N)<0.8,"hors Echantillon","Echantillon à Contrôler"), "Contrôle en exhaustif") -> #DIV/0!
N107: =J107-L107 -> 0 | P107: =IF(COUNTIF(A:F,A107)>=25,"OUI","NON") -> OUI | Q107: =IF(P107="oui",RAND(),"<25 lignes donc pas d'échantillonnage") -> 0.28526272 | S107: =IF(P107="oui",IF(SUMIFS(N:N,A:A,A107,R:R,"<="&R107)/SUMIF(A:A,A107,N:N)<0.8,"hors Echantillon","Echantillon à Contrôler"), "Contrôle en exhaustif") -> #DIV/0!
N108: =J108-L108 -> 0 | P108: =IF(COUNTIF(A:F,A108)>=25,"OUI","NON") -> OUI | Q108: =IF(P108="oui",RAND(),"<25 lignes donc pas d'échantillonnage") -> 0.21873841 | S108: =IF(P108="oui",IF(SUMIFS(N:N,A:A,A108,R:R,"<="&R108)/SUMIF(A:A,A108,N:N)<0.8,"hors Echantillon","Echantillon à Contrôler"), "Contrôle en exhaustif") -> #DIV/0!
N109: =J109-L109 -> 0 | P109: =IF(COUNTIF(A:F,A109)>=25,"OUI","NON") -> OUI | Q109: =IF(P109="oui",RAND(),"<25 lignes donc pas d'échantillonnage") -> 0.80819048 | S109: =IF(P109="oui",IF(SUMIFS(N:N,A:A,A109,R:R,"<="&R109)/SUMIF(A:A,A109,N:N)<0.8,"hors Echantillon","Echantillon à Contrôler"), "Contrôle en exhaustif") -> #DIV/0!
N110: =J110-L110 -> 0 | P110: =IF(COUNTIF(A:F,A110)>=25,"OUI","NON") -> OUI | Q110: =IF(P110="oui",RAND(),"<25 lignes donc pas d'échantillonnage") -> 0.02892193 | S110: =IF(P110="oui",IF(SUMIFS(N:N,A:A,A110,R:R,"<="&R110)/SUMIF(A:A,A110,N:N)<0.8,"hors Echantillon","Echantillon à Contrôler"), "Contrôle en exhaustif") -> #DIV/0!
N111: =J111-L111 -> 0 | P111: =IF(COUNTIF(A:F,A111)>=25,"OUI","NON") -> OUI | Q111: =IF(P111="oui",RAND(),"<25 lignes donc pas d'échantillonnage") -> 0.050746791 | S111: =IF(P111="oui",IF(SUMIFS(N:N,A:A,A111,R:R,"<="&R111)/SUMIF(A:A,A111,N:N)<0.8,"hors Echantillon","Echantillon à Contrôler"), "Contrôle en exhaustif") -> #DIV/0!
N112: =J112-L112 -> 0 | P112: =IF(COUNTIF(A:F,A112)>=25,"OUI","NON") -> OUI | Q112: =IF(P112="oui",RAND(),"<25 lignes donc pas d'échantillonnage") -> 0.40748835 | S112: =IF(P112="oui",IF(SUMIFS(N:N,A:A,A112,R:R,"<="&R112)/SUMIF(A:A,A112,N:N)<0.8,"hors Echantillon","Echantillon à Contrôler"), "Contrôle en exhaustif") -> #DIV/0!
N113: =J113-L113 -> 0 | P113: =IF(COUNTIF(A:F,A113)>=25,"OUI","NON") -> OUI | Q113: =IF(P113="oui",RAND(),"<25 lignes donc pas d'échantillonnage") -> 0.93033958 | S113: =IF(P113="oui",IF(SUMIFS(N:N,A:A,A113,R:R,"<="&R113)/SUMIF(A:A,A113,N:N)<0.8,"hors Echantillon","Echantillon à Contrôler"), "Contrôle en exhaustif") -> #DIV/0!
N114: =J114-L114 -> 0 | P114: =IF(COUNTIF(A:F,A114)>=25,"OUI","NON") -> OUI | Q114: =IF(P114="oui",RAND(),"<25 lignes donc pas d'échantillonnage") -> 0.61081102 | S114: =IF(P114="oui",IF(SUMIFS(N:N,A:A,A114,R:R,"<="&R114)/SUMIF(A:A,A114,N:N)<0.8,"hors Echantillon","Echantillon à Contrôler"), "Contrôle en exhaustif") -> #DIV/0!
N115: =J115-L115 -> 0 | P115: =IF(COUNTIF(A:F,A115)>=25,"OUI","NON") -> OUI | Q115: =IF(P115="oui",RAND(),"<25 lignes donc pas d'échantillonnage") -> 0.097531763 | S115: =IF(P115="oui",IF(SUMIFS(N:N,A:A,A115,R:R,"<="&R115)/SUMIF(A:A,A115,N:N)<0.8,"hors Echantillon","Echantillon à Contrôler"), "Contrôle en exhaustif") -> #DIV/0!
...

Sheet Contrib en nature
A1: Détail des contributions en nature réalisées
A3: Bénéficiaire | B3: =Dépenses!C4 -> 0
A4: Numéro d'opération | B4: =Dépenses!C5 -> 0
A5: Opération | B5: =Dépenses!C6 -> 0
A6: N° demande de paiement | B6: =Dépenses!C7 -> 0
F7: Montants valorisés
B8: Contributeur (nom de la structure) | C8: Statut juridique | D8: Détailler la nature des dépenses réalisées | E8: Rappeler les bases de calcul | F8: Année …… | G8: Année …… | H8: Année …… | I8: Total
A9: Mise à disposition de biens immobiliers, d'équipements, de matières premières, … | I9: =SUM(F9:H9) -> 0
I10: =SUM(F10:H10) -> 0
A11: Mise à disposition de prestations, de personnels, travail bénévole, … | I11: =SUM(F11:H11) -> 0
I12: =SUM(F12:H12) -> 0
E13: Total d'origine publique | F13: =SUMIFS(F9:F12,$C9:$C12,"public") -> 0 | G13: =SUMIFS(G9:G12,$C9:$C12,"public") -> 0 | H13: =SUMIFS(H9:H12,$C9:$C12,"public") -> 0 | I13: =SUM(F13:H13) -> 0
E14: Total d'origine privée | F14: =SUMIFS(F9:F12,$C9:$C12,"privé") -> 0 | G14: =SUMIFS(G9:G12,$C9:$C12,"privé") -> 0 | H14: =SUMIFS(H9:H12,$C9:$C12,"privé") -> 0 | I14: =SUM(F14:H14) -> 0
E15: Total | F15: =SUM(F13:F14) -> 0 | G15: =SUM(G13:G14) -> 0 | H15: =SUM(H13:H14) -> 0 | I15: =SUM(F15:H15) -> 0
D17: Contributeur :
D18: Nom - Prénom :
D19: Fonction :
D20: Le :
D21: A :
D22: Signature :

Sheet Ressources
A1: ETAT RECAPITULATIF DES RESSOURCES PERCUES
A3: Bénéficiaire | B3: =Dépenses!C4 -> 0
A4: Numéro d'opération | B4: =Dépenses!C5 -> 0
A5: Opération | B5: =Dépenses!C6 -> 0
A6: Numéro de la demande de paiement | B6: =Dépenses!C7 -> 0
A7: Type de la demande | B7: =IF(Dépenses!C8="","",Dépenses!C8) -> Acompte
A8: Période de déclaration des dépenses | B8: =IF(Dépenses!C9="","",Dépenses!C9)
A10: COFINANCEMENTS | M10: Cadre réservé à la Région - vérifications faites par le service instructeur
A11: Type de financeur | B11: Co financeur | C11: Référence financement | D11: Objet du cofinancement (actions, machines, contrat de travail...) | E11: Statut public/ privé | F11: Montant cofinancement total | G11: Montant cofinancement éligible UE | H11: Montant perçu | I11: % de réalisation | J11: Date d'encaissement | K11: N° d'encaissement chèque, virement | M11: Vérification justificatif | N11: Vérification encaissement | O11: Montant retenu (€) | P11: Commentaires
A12: Financeur public | I12: =IF(H12="","",H12/F12)
A13: Financeur privé | I13: =IF(H13="","",H13/F13)
A14: Contributions en nature | I14: =IF(H14="","",H14/F14)
A15: Nouveau cofinancement non prévu à la convention, le cas échéant (préciser le cofinanceur) | I15: =IF(H15="","",H15/F15)
A16: TOTAL | F16: =SUM(F12:F15) -> 0 | G16: =SUM(G12:G15) -> 0 | H16: =SUM(H12:H15) -> 0 | O16: =SUM(O12:O15) -> 0
A19: Vérification de la réalité des ressources et du lien avec l'opération | F19: Vérification de l'encaissement des ressources
A20: Signature du bénéficiaire (personne habilitée à engager la structure) | F20: Visa du comptable public ou du commissaire aux comptes, selon le cas
A21: Prénom : Nom : | F21: Certifié exact et perçu | H21: Le
A22: Fonction : | B22: Directeur | H22: Signature du comptable public ou commissaire aux comptes et cachet :
A23: Certifié exact et conforme à l'objet de l'aide européenne | B23: Le :
B24: Signature et cachet :
F27: OU
A28: Je m'engage à fournir les décisions (conventions, arrêtés, délibérations, etc.) des cofinancements si celles-ci n'ont pas été fournies lors du dépôt de la demande de subvention | F28: Je m'engage à fournir les relevés bancaires permettant d'identifier les montants versés par les cofinanceurs Signature du bénéficiaire :

Sheet Listes
B3: A - Dépenses d'investissement matériel et immatériel;
B4: B - Dépenses d'amortissement;
B5: C - Dépenses de communication de l'opération
B6: D - Dépenses de fonctionnement (frais généraux)
B7: E - Dépenses de personnel
B8: F - Dépenses de prestations externes de service
B9: G - Dépenses en nature
B10: H - Autres dépenses
B11: I - Financement à taux forfaitaire (OCS…)

Sheet Récap par catégorie de dépense
A1: Actualiser le tableau croisé (Menu "outils de tableau croisé dynmaique" dans la barre de menus d'Excel, puis "Actualiser")
A3: Étiquettes de lignes | B3: Somme de Montant pièce comptable | C3: Somme de Montant non présenté
A4: (vide) | B4: 4890.8525 | C4: 0
A5: Dépenses de prestations externes de service | B5: 513724.77 | C5: 0
A6: Dépenses de personnel | B6: 49080.29 | C6: 0
A7: Dépenses indirectes sous forme de coûts simplifiés | B7: 7362.0435 | C7: 0
A8: Total général | B8: 575057.96 | C8: 0

Sheet Liste catégories de dépenses
A1: Liste des catégories de dépenses
A2: Dépenses de personnel
A3: Dépenses de prestations externes de service
A4: Dépenses d'Investissement matériel et immatériel
A5: Dépenses d'amortissement
A6: Dépenses de communication de l'opération
A7: Dépenses de déplacement, de restauration, d'hébergement
A8: Dépenses en nature
A9: Dépenses indirectes sous forme de coûts simplifiés
A10: Autres dépenses (à spécifier)
A11: Dépenses liées aux participants
A12: Recettes nettes générées par l’opération
A13: Dépenses de fonctionnement (frais généraux de structure)
